Workbook

Sheet Declarações IVA - Trimestral
B2: Nome da Empresa: | I2: Nome da Empresa:
B3: Exercicio: | D3: Tipo de Declarações: | F3: Trimestrais | I3: Exercicio: | K3: Tipo de Declarações: | M3: Trimestrais
B5: Nota Importante: Preencher somente o cabeçalho e as células em branco e vazias do quadro abaixo. | I5: Nota Importante: Preencher somente o cabeçalho e as células em branco e vazias do quadro abaixo.
B8: Declarações Periódicas de IVA Trimestral do Exercicio em análise | I8: Anexo R às Declarações Periódicas de IVA Trimestral do Exercicio em análise
C9: 1º Trimestre | D9: 2º Trimestre | E9: 3º Trimestre | F9: 4º Trimestre | G9: TOTAIS | J9: 1º Trimestre | K9: 2º Trimestre | L9: 3º Trimestre | M9: 4º Trimestre | N9: TOTAIS
B10: Campo 1 | G10: =IF(SUM(C10:F10)>0,SUM(C10:F10),"") | I10: Campo 1 | N10: =IF(SUM(J10:M10)>0,SUM(J10:M10),"")
B11: Campo 2 | G11: =IF(SUM(C11:F11)>0,SUM(C11:F11),"") | I11: Campo 2 | N11: =IF(SUM(J11:M11)>0,SUM(J11:M11),"")
B12: Campo 3 | G12: =IF(SUM(C12:F12)>0,SUM(C12:F12),"") | I12: Campo 3 | N12: =IF(SUM(J12:M12)>0,SUM(J12:M12),"")
B13: Campo 4 | G13: =IF(SUM(C13:F13)>0,SUM(C13:F13),"") | I13: Campo 4 | N13: =IF(SUM(J13:M13)>0,SUM(J13:M13),"")
B14: Campo 5 | G14: =IF(SUM(C14:F14)>0,SUM(C14:F14),"") | I14: Campo 5 | N14: =IF(SUM(J14:M14)>0,SUM(J14:M14),"")
B15: Campo 6 | G15: =IF(SUM(C15:F15)>0,SUM(C15:F15),"") | I15: Campo 6 | N15: =IF(SUM(J15:M15)>0,SUM(J15:M15),"")
B16: Campo 8 | G16: =IF(SUM(C16:F16)>0,SUM(C16:F16),"") | I16: Campo 8 | N16: =IF(SUM(J16:M16)>0,SUM(J16:M16),"")
B17: Campo 8 (Inversão C.Civil) | G17: =IF(SUM(C17:F17)>0,SUM(C17:F17),"") | I17: Campo 8 (Inversão C.Civil) | N17: =IF(SUM(J17:M17)>0,SUM(J17:M17),"")
B18: Campo 8 (Inversão Sucatas) | G18: =IF(SUM(C18:F18)>0,SUM(C18:F18),"") | I18: Campo 8 (Inversão Sucatas) | N18: =IF(SUM(J18:M18)>0,SUM(J18:M18),"")
B19: Campo 9 | G19: =IF(SUM(C19:F19)>0,SUM(C19:F19),"") | I19: Campo 9 | N19: =IF(SUM(J19:M19)>0,SUM(J19:M19),"")
B20: Campo 10 | G20: =IF(SUM(C20:F20)>0,SUM(C20:F20),"") | I20: Campo 10 | N20: =IF(SUM(J20:M20)>0,SUM(J20:M20),"")
B21: Campo 11 | G21: =IF(SUM(C21:F21)>0,SUM(C21:F21),"") | I21: Campo 11 | N21: =IF(SUM(J21:M21)>0,SUM(J21:M21),"")
... B26: Campo 24 | G26: =IF(SUM(C26:F26)>0,SUM(C26:F26),"") | I26: Campo 24 | N26: =IF(SUM(J26:M26)>0,SUM(J26:M26),"")
B27: Campo 40 | G27: =IF(SUM(C27:F27)>0,SUM(C27:F27),"") | I27: Campo 62 | J27: =IF(SUM(J10,J12,J14,J16:J20)>0,SUM(J10,J12,J14,J16:J20),"") | K27: =IF(SUM(K10,K12,K14,K16:K20)>0,SUM(K10,K12,K14,K16:K20),"") | L27: =IF(SUM(L10,L12,L14,L16:L20)>0,SUM(L10,L12,L14,L16:L20),"") | M27: =IF(SUM(M10,M12,M14,M16:M20)>0,SUM(M10,M12,M14,M16:M20),"") | N27: =IF(SUM(J27:M27)>0,SUM(J27:M27),"")
B28: Campo 41 | G28: =IF(SUM(C28:F28)>0,SUM(C28:F28),"") | I28: Campo 63 | J28: =IF(SUM(J22:J26)>0,SUM(J22:J26),"") | K28: =IF(SUM(K22:K26)>0,SUM(K22:K26),"") | L28: =IF(SUM(L22:L26)>0,SUM(L22:L26),"") | M28: =IF(SUM(M22:M26)>0,SUM(M22:M26),"") | N28: =IF(SUM(J28:M28)>0,SUM(J28:M28),"")
B29: Campo 61 | G29: =IF(SUM(C29:F29)>0,SUM(C29:F29),"") | I29: Campo 64 | J29: =IF(SUM(J11,J13,J15,J21)>0,SUM(J11,J13,J15,J21),"") | K29: =IF(SUM(K11,K13,K15,K21)>0,SUM(K11,K13,K15,K21),"") | L29: =IF(SUM(L11,L13,L15,L21)>0,SUM(L11,L13,L15,L21),"") | M29: =IF(SUM(M11,M13,M15,M21)>0,SUM(M11,M13,M15,M21),"") | N29: =IF(SUM(J29:M29)>0,SUM(J29:M29),"")
B30: Campo 81 | G30: =IF(SUM(C30:F30)>0,SUM(C30:F30),"")
B31: Campo 65 | C31: =IF(SUM(J28)>0,SUM(J28),"") | D31: =IF(SUM(K28)>0,SUM(K28),"") | E31: =IF(SUM(L28)>0,SUM(L28),"") | F31: =IF(SUM(M28)>0,SUM(M28),"") | G31: =IF(SUM(C31:F31)>0,SUM(C31:F31),"")
B32: Campo 66 | C32: =IF(SUM(J29)>0,SUM(J29),"") | D32: =IF(SUM(K29)>0,SUM(K29),"") | E32: =IF(SUM(L29)>0,SUM(L29),"") | F32: =IF(SUM(M29)>0,SUM(M29),"") | G32: =IF(SUM(C32:F32)>0,SUM(C32:F32),"")
B33: Campo 67 | G33: =IF(SUM(C33:F33)>0,SUM(C33:F33),"")
B34: Campo 68 | G34: =IF(SUM(C34:F34)>0,SUM(C34:F34),"")
B35: Campo 90 | C35: =IF(SUM(C10,C12,C14,C16:C20)>0,SUM(C10,C12,C14,C16:C20),"") | D35: =IF(SUM(D10,D12,D14,D16:D20)>0,SUM(D10,D12,D14,D16:D20),"") | E35: =IF(SUM(E10,E12,E14,E16:E20)>0,SUM(E10,E12,E14,E16:E20),"") | F35: =IF(SUM(F10,F12,F14,F16:F20)>0,SUM(F10,F12,F14,F16:F20),"") | G35: =IF(SUM(C35:F35)>0,SUM(C35:F35),"")
B36: Campo 91 | C36: =IF(SUM(C22,C23,C24,C25,C26,C27,C29,C31,C33,C30)>0,SUM(C22,C23,C24,C25,C26,C27,C29,C31,C33,C30),"") | D36: =IF(SUM(D22,D23,D24,D25,D26,D27,D29,D31,D33,D30)>0,SUM(D22,D23,D24,D25,D26,D27,D29,D31,D33,D30),"") | E36: =IF(SUM(E22,E23,E24,E25,E26,E27,E29,E31,E33,E30)>0,SUM(E22,E23,E24,E25,E26,E27,E29,E31,E33,E30),"") | F36: =IF(SUM(F22,F23,F24,F25,F26,F27,F29,F31,F33,F30)>0,SUM(F22,F23,F24,F25,F26,F27,F29,F31,F33,F30),"") | G36: =IF(SUM(C36:F36)>0,SUM(C36:F36),"")
B37: Campo 92 | C37: =IF(SUM(C11,C13,C15,C21,C28,C32,C34)>0,SUM(C11,C13,C15,C21,C28,C32,C34),"") | D37: =IF(SUM(D11,D13,D15,D21,D28,D32,D34)>0,SUM(D11,D13,D15,D21,D28,D32,D34),"") | E37: =IF(SUM(E11,E13,E15,E21,E28,E32,E34)>0,SUM(E11,E13,E15,E21,E28,E32,E34),"") | F37: =IF(SUM(F11,F13,F15,F21,F28,F32,F34)>0,SUM(F11,F13,F15,F21,F28,F32,F34),"") | G37: =IF(SUM(C37:F37)>0,SUM(C37:F37),"")
B38: Campo 93 | C38: =IF(SUM(C37)-SUM(C36)>0,SUM(C37)-SUM(C36),"") | D38: =IF(SUM(D37)-SUM(D36)>0,SUM(D37)-SUM(D36),"") | E38: =IF(SUM(E37)-SUM(E36)>0,SUM(E37)-SUM(E36),"") | F38: =IF(SUM(F37)-SUM(F36)>0,SUM(F37)-SUM(F36),"") | G38: =IF(SUM(C38:F38)>0,SUM(C38:F38),"")
B39: Campo 94 | C39: =IF(SUM(C36)-SUM(C37)>0,SUM(C36)-SUM(C37),"") | D39: =IF(SUM(D36)-SUM(D37)>0,SUM(D36)-SUM(D37),"") | E39: =IF(SUM(E36)-SUM(E37)>0,SUM(E36)-SUM(E37),"") | F39: =IF(SUM(F36)-SUM(F37)>0,SUM(F36)-SUM(F37),"") | G39: =IF(SUM(C39:F39)>0,SUM(C39:F39),"")

Sheet Declarações IVA - Mensal
B2: Nome da Empresa:
B3: Exercicio: | E3: Tipo de Declarações: | H3: Mensais
B5: Nota Importante: Preencher somente o cabeçalho e as células em branco e vazias do quadro abaixo.
B7: Declarações Periódicas de IVA Mensal do Exercicio em análise
C8: Janeiro | D8: Fevereiro | E8: Março | F8: Abril | G8: Maio | H8: Junho | I8: Julho | J8: Agosto | K8: Setembro | L8: Outubro | M8: Novembro | N8: Dezembro | O8: TOTAIS
B9: Campo 1 | O9: =IF(SUM(C9:N9)>0,SUM(C9:N9),"")
B10: Campo 2 | O10: =IF(SUM(C10:N10)>0,SUM(C10:N10),"")
B11: Campo 3 | O11: =IF(SUM(C11:N11)>0,SUM(C11:N11),"")
B12: Campo 4 | O12: =IF(SUM(C12:N12)>0,SUM(C12:N12),"")
B13: Campo 5 | O13: =IF(SUM(C13:N13)>0,SUM(C13:N13),"")
B14: Campo 6 | O14: =IF(SUM(C14:N14)>0,SUM(C14:N14),"")
B15: Campo 8 | O15: =IF(SUM(C15:N15)>0,SUM(C15:N15),"")
B16: Campo 8 (Inversão C. Civil) | O16: =IF(SUM(C16:N16)>0,SUM(C16:N16),"")
B17: Campo 8 (Inversão Sucatas) | O17: =IF(SUM(C17:N17)>0,SUM(C17:N17),"")
B18: Campo 9 | O18: =IF(SUM(C18:N18)>0,SUM(C18:N18),"")
B19: Campo 10 | O19: =IF(SUM(C19:N19)>0,SUM(C19:N19),"")
B20: Campo 11 | O20: =IF(SUM(C20:N20)>0,SUM(C20:N20),"")
... B29: Campo 81 | O29: =IF(SUM(C29:N29)>0,SUM(C29:N29),"")
B30: Campo 65 | C30: =IF(SUM(C66)>0,SUM(C66),"") | D30: =IF(SUM(D66)>0,SUM(D66),"") | E30: =IF(SUM(E66)>0,SUM(E66),"") | F30: =IF(SUM(F66)>0,SUM(F66),"") | G30: =IF(SUM(G66)>0,SUM(G66),"") | H30: =IF(SUM(H66)>0,SUM(H66),"") | I30: =IF(SUM(I66)>0,SUM(I66),"") | J30: =IF(SUM(J66)>0,SUM(J66),"") | ... N30: =IF(SUM(N66)>0,SUM(N66),"") | O30: =IF(SUM(C30:N30)>0,SUM(C30:N30),"")
B31: Campo 66 | C31: =IF(SUM(C67)>0,SUM(C67),"") | D31: =IF(SUM(D67)>0,SUM(D67),"") | E31: =IF(SUM(E67)>0,SUM(E67),"") | F31: =IF(SUM(F67)>0,SUM(F67),"") | G31: =IF(SUM(G67)>0,SUM(G67),"") | H31: =IF(SUM(H67)>0,SUM(H67),"") | I31: =IF(SUM(I67)>0,SUM(I67),"") | J31: =IF(SUM(J67)>0,SUM(J67),"") | ... N31: =IF(SUM(N67)>0,SUM(N67),"") | O31: =IF(SUM(C31:N31)>0,SUM(C31:N31),"")
B32: Campo 67 | G32: =IF(SUM(C32:F32)>0,SUM(C32:F32),"") | O32: =IF(SUM(C32:N32)>0,SUM(C32:N32),"")
B33: Campo 68 | G33: =IF(SUM(C33:F33)>0,SUM(C33:F33),"") | O33: =IF(SUM(C33:N33)>0,SUM(C33:N33),"")
B34: Campo 90 | C34: =IF(SUM(C9,C11,C13,C15:C19)>0,SUM(C9,C11,C13,C15:C19),"") | D34: =IF(SUM(D9,D11,D13,D15:D19)>0,SUM(D9,D11,D13,D15:D19),"") | E34: =IF(SUM(E9,E11,E13,E15:E19)>0,SUM(E9,E11,E13,E15:E19),"") | F34: =IF(SUM(F9,F11,F13,F15:F19)>0,SUM(F9,F11,F13,F15:F19),"") | G34: =IF(SUM(G9,G11,G13,G15:G19)>0,SUM(G9,G11,G13,G15:G19),"") | H34: =IF(SUM(H9,H11,H13,H15:H19)>0,SUM(H9,H11,H13,H15:H19),"") | I34: =IF(SUM(I9,I11,I13,I15:I19)>0,SUM(I9,I11,I13,I15:I19),"") | J34: =IF(SUM(J9,J11,J13,J15:J19)>0,SUM(J9,J11,J13,J15:J19),"") | ... N34: =IF(SUM(N9,N11,N13,N15:N19)>0,SUM(N9,N11,N13,N15:N19),"") | O34: =IF(SUM(C34:N34)>0,SUM(C34:N34),"")
B35: Campo 91 | C35: =IF(SUM(C21,C22,C23,C24,C25,C26,C28,C29)>0,SUM(C21,C22,C23,C24,C25,C26,C28,C29),"") | D35: =IF(SUM(D21,D22,D23,D24,D25,D26,D28,D29)>0,SUM(D21,D22,D23,D24,D25,D26,D28,D29),"") | E35: =IF(SUM(E21,E22,E23,E24,E25,E26,E28,E29)>0,SUM(E21,E22,E23,E24,E25,E26,E28,E29),"") | F35: =IF(SUM(F21,F22,F23,F24,F25,F26,F28,F29)>0,SUM(F21,F22,F23,F24,F25,F26,F28,F29),"") | G35: =IF(SUM(G21,G22,G23,G24,G25,G26,G28,G29)>0,SUM(G21,G22,G23,G24,G25,G26,G28,G29),"") | H35: =IF(SUM(H21,H22,H23,H24,H25,H26,H28,H29)>0,SUM(H21,H22,H23,H24,H25,H26,H28,H29),"") | I35: =IF(SUM(I21,I22,I23,I24,I25,I26,I28,I29)>0,SUM(I21,I22,I23,I24,I25,I26,I28,I29),"") | J35: =IF(SUM(J21,J22,J23,J24,J25,J26,J28,J29)>0,SUM(J21,J22,J23,J24,J25,J26,J28,J29),"") | ... N35: =IF(SUM(N21,N22,N23,N24,N25,N26,N28,N29)>0,SUM(N21,N22,N23,N24,N25,N26,N28,N29),"") | O35: =IF(SUM(C35:N35)>0,SUM(C35:N35),"")
B36: Campo 92 | C36: =IF(SUM(C10,C12,C14,C20,C27,C31,C33)>0,SUM(C10,C12,C14,C20,C27,C31,C33),"") | D36: =IF(SUM(D10,D12,D14,D20,D27,D31,D33)>0,SUM(D10,D12,D14,D20,D27,D31,D33),"") | E36: =IF(SUM(E10,E12,E14,E20,E27,E31,E33)>0,SUM(E10,E12,E14,E20,E27,E31,E33),"") | F36: =IF(SUM(F10,F12,F14,F20,F27,F31,F33)>0,SUM(F10,F12,F14,F20,F27,F31,F33),"") | G36: =IF(SUM(G10,G12,G14,G20,G27,G31,G33)>0,SUM(G10,G12,G14,G20,G27,G31,G33),"") | H36: =IF(SUM(H10,H12,H14,H20,H27,H31,H33)>0,SUM(H10,H12,H14,H20,H27,H31,H33),"") | I36: =IF(SUM(I10,I12,I14,I20,I27,I31,I33)>0,SUM(I10,I12,I14,I20,I27,I31,I33),"") | J36: =IF(SUM(J10,J12,J14,J20,J27,J31,J33)>0,SUM(J10,J12,J14,J20,J27,J31,J33),"") | ... N36: =IF(SUM(N10,N12,N14,N20,N27,N31,N33)>0,SUM(N10,N12,N14,N20,N27,N31,N33),"") | O36: =IF(SUM(C36:N36)>0,SUM(C36:N36),"")
B37: Campo 93 | C37: =IF(SUM(C36)-SUM(C35)>0,SUM(C36)-SUM(C35),"") | D37: =IF(SUM(D36)-SUM(D35)>0,SUM(D36)-SUM(D35),"") | E37: =IF(SUM(E36)-SUM(E35)>0,SUM(E36)-SUM(E35),"") | F37: =IF(SUM(F36)-SUM(F35)>0,SUM(F36)-SUM(F35),"") | G37: =IF(SUM(G36)-SUM(G35)>0,SUM(G36)-SUM(G35),"") | H37: =IF(SUM(H36)-SUM(H35)>0,SUM(H36)-SUM(H35),"") | I37: =IF(SUM(I36)-SUM(I35)>0,SUM(I36)-SUM(I35),"") | J37: =IF(SUM(J36)-SUM(J35)>0,SUM(J36)-SUM(J35),"") | ... N37: =IF(SUM(N36)-SUM(N35)>0,SUM(N36)-SUM(N35),"") | O37: =IF(SUM(C37:N37)>0,SUM(C37:N37),"")
B38: Campo 94 | C38: =IF(SUM(C35)-SUM(C36)>0,SUM(C35)-SUM(C36),"") | D38: =IF(SUM(D35)-SUM(D36)>0,SUM(D35)-SUM(D36),"") | E38: =IF(SUM(E35)-SUM(E36)>0,SUM(E35)-SUM(E36),"") | F38: =IF(SUM(F35)-SUM(F36)>0,SUM(F35)-SUM(F36),"") | G38: =IF(SUM(G35)-SUM(G36)>0,SUM(G35)-SUM(G36),"") | H38: =IF(SUM(H35)-SUM(H36)>0,SUM(H35)-SUM(H36),"") | I38: =IF(SUM(I35)-SUM(I36)>0,SUM(I35)-SUM(I36),"") | J38: =IF(SUM(J35)-SUM(J36)>0,SUM(J35)-SUM(J36),"") | ... N38: =IF(SUM(N35)-SUM(N36)>0,SUM(N35)-SUM(N36),"") | O38: =IF(SUM(C38:N38)>0,SUM(C38:N38),"")
B41: Nome da Empresa:
B42: Exercicio: | E42: Tipo de Declarações: | H42: Mensais
B44: Nota Importante: Preencher somente o cabeçalho e as células em branco e vazias do quadro abaixo.
B46: Anexo R às Declarações Periódicas de IVA Mensal do Exercicio em análise
C47: Janeiro | D47: Fevereiro | E47: Março | F47: Abril | G47: Maio | H47: Junho | I47: Julho | J47: Agosto | K47: Setembro | L47: Outubro | M47: Novembro | N47: Dezembro | O47: TOTAIS
B48: Campo 1 | O48: =IF(SUM(C48:N48)>0,SUM(C48:N48),"")
B49: Campo 2 | O49: =IF(SUM(C49:N49)>0,SUM(C49:N49),"")
B50: Campo 3 | O50: =IF(SUM(C50:N50)>0,SUM(C50:N50),"")
B51: Campo 4 | O51: =IF(SUM(C51:N51)>0,SUM(C51:N51),"")
B52: Campo 5 | O52: =IF(SUM(C52:N52)>0,SUM(C52:N52),"")
B53: Campo 6 | O53: =IF(SUM(C53:N53)>0,SUM(C53:N53),"")
B54: Campo 8 | O54: =IF(SUM(C54:N54)>0,SUM(C54:N54),"")
B55: Campo 8 (Inversão C. Civil) | O55: =IF(SUM(C55:N55)>0,SUM(C55:N55),"")
B56: Campo 8 (Inversão Sucatas) | O56: =IF(SUM(C56:N56)>0,SUM(C56:N56),"")
B57: Campo 9 | O57: =IF(SUM(C57:N57)>0,SUM(C57:N57),"")
B58: Campo 10 | O58: =IF(SUM(C58:N58)>0,SUM(C58:N58),"")
B59: Campo 11 | O59: =IF(SUM(C59:N59)>0,SUM(C59:N59),"")
... B64: Campo 24 | O64: =IF(SUM(C64:N64)>0,SUM(C64:N64),"")
B65: Campo 62 | C65: =IF(SUM(C48,C50,C52,C54:C58)>0,SUM(C48,C50,C52,C54:C58),"") | D65: =IF(SUM(D48,D50,D52,D54:D58)>0,SUM(D48,D50,D52,D54:D58),"") | E65: =IF(SUM(E48,E50,E52,E54:E58)>0,SUM(E48,E50,E52,E54:E58),"") | F65: =IF(SUM(F48,F50,F52,F54:F58)>0,SUM(F48,F50,F52,F54:F58),"") | G65: =IF(SUM(G48,G50,G52,G54:G58)>0,SUM(G48,G50,G52,G54:G58),"") | H65: =IF(SUM(H48,H50,H52,H54:H58)>0,SUM(H48,H50,H52,H54:H58),"") | I65: =IF(SUM(I48,I50,I52,I54:I58)>0,SUM(I48,I50,I52,I54:I58),"") | J65: =IF(SUM(J48,J50,J52,J54:J58)>0,SUM(J48,J50,J52,J54:J58),"") | ... N65: =IF(SUM(N48,N50,N52,N54:N58)>0,SUM(N48,N50,N52,N54:N58),"") | O65: =IF(SUM(C65:N65)>0,SUM(C65:N65),"")
B66: Campo 63 | C66: =IF(SUM(C60:C64)>0,SUM(C60:C64),"") | D66: =IF(SUM(D60:D64)>0,SUM(D60:D64),"") | E66: =IF(SUM(E60:E64)>0,SUM(E60:E64),"") | F66: =IF(SUM(F60:F64)>0,SUM(F60:F64),"") | G66: =IF(SUM(G60:G64)>0,SUM(G60:G64),"") | H66: =IF(SUM(H60:H64)>0,SUM(H60:H64),"") | I66: =IF(SUM(I60:I64)>0,SUM(I60:I64),"") | J66: =IF(SUM(J60:J64)>0,SUM(J60:J64),"") | ... N66: =IF(SUM(N60:N64)>0,SUM(N60:N64),"") | O66: =IF(SUM(C66:N66)>0,SUM(C66:N66),"")
B67: Campo 64 | C67: =IF(SUM(C49,C51,C53,C59)>0,SUM(C49,C51,C53,C59),"") | D67: =IF(SUM(D49,D51,D53,D59)>0,SUM(D49,D51,D53,D59),"") | E67: =IF(SUM(E49,E51,E53,E59)>0,SUM(E49,E51,E53,E59),"") | F67: =IF(SUM(F49,F51,F53,F59)>0,SUM(F49,F51,F53,F59),"") | G67: =IF(SUM(G49,G51,G53,G59)>0,SUM(G49,G51,G53,G59),"") | H67: =IF(SUM(H49,H51,H53,H59)>0,SUM(H49,H51,H53,H59),"") | I67: =IF(SUM(I49,I51,I53,I59)>0,SUM(I49,I51,I53,I59),"") | J67: =IF(SUM(J49,J51,J53,J59)>0,SUM(J49,J51,J53,J59),"") | ... N67: =IF(SUM(N49,N51,N53,N59)>0,SUM(N49,N51,N53,N59),"") | O67: =IF(SUM(C67:N67)>0,SUM(C67:N67),"")

Sheet Cálculos Auxiliares
B2: Quadros de Cálculos Auxiliares para o Anexo L da IES | M2: Quadros de Cálculos Auxiliares para o Anexo L da IES
B4: Nota Importante: Preencher somente as células vazias e em branco dos quadros abaixo | M4: Nota Importante: Preencher somente as células vazias e em branco dos quadros
B6: EXISTÊNCIAS - Dados para o Quadro 4 e 6 do Anexo L - IVA TRIMESTRAL | M6: EXISTÊNCIAS - Dados para o Quadro 4 e 6 do Anexo L - IVA MENSAL
E7: Taxa Reduzida | F7: BASE | G7: Taxa Intermédia | H7: BASE | I7: Taxa Normal | J7: BASE | O7: Taxa Reduzida | P7: BASE | Q7: Taxa Intermédia | R7: BASE | S7: Taxa Normal | T7: BASE
B8: Valores do extracto de contrabilidade referentes às subcontas da 24321... - IVA Dedutivel Existências | D8: 1º Trimestre | F8: =IF(SUM('Anexo L - IES'!$J$10:$L$13)>0,IF(E8>0,E8/'Anexo L - IES'!$J$10,""),"") | H8: =IF(SUM('Anexo L - IES'!$J$10:$L$13)>0,IF(G8>0,G8/'Anexo L - IES'!$K$10,""),"") | J8: =IF(SUM('Anexo L - IES'!$J$10:$L$13)>0,IF(I8>0,I8/'Anexo L - IES'!$L$10,""),"") | M8: Valores do extracto de contrabilidade referentes às subcontas da 24321... - IVA Dedutivel Existências | N8: Janeiro | P8: =IF(SUM('Anexo L - IES'!$J$10:$L$13)>0,IF(O8>0,O8/'Anexo L - IES'!$J$10,""),"") | R8: =IF(SUM('Anexo L - IES'!$J$10:$L$13)>0,IF(Q8>0,Q8/'Anexo L - IES'!$K$10,""),"") | T8: =IF(SUM('Anexo L - IES'!$J$10:$L$13)>0,IF(S8>0,S8/'Anexo L - IES'!$L$10,""),"")
D9: 2º Trimestre | F9: =IF(SUM('Anexo L - IES'!$J$10:$L$13)>0,IF(E9>0,E9/'Anexo L - IES'!$J$11,""),"") | H9: =IF(SUM('Anexo L - IES'!$J$10:$L$13)>0,IF(G9>0,G9/'Anexo L - IES'!$K$11,""),"") | J9: =IF(SUM('Anexo L - IES'!$J$10:$L$13)>0,IF(I9>0,I9/'Anexo L - IES'!$L$11,""),"") | N9: Fevereiro | P9: =IF(SUM('Anexo L - IES'!$J$10:$L$13)>0,IF(O9>0,O9/'Anexo L - IES'!$J$10,""),"") | R9: =IF(SUM('Anexo L - IES'!$J$10:$L$13)>0,IF(Q9>0,Q9/'Anexo L - IES'!$K$10,""),"") | T9: =IF(SUM('Anexo L - IES'!$J$10:$L$13)>0,IF(S9>0,S9/'Anexo L - IES'!$L$10,""),"")
D10: 3º Trimestre | F10: =IF(SUM('Anexo L - IES'!$J$10:$L$13)>0,IF(E10>0,E10/'Anexo L - IES'!$J$12,""),"") | H10: =IF(SUM('Anexo L - IES'!$J$10:$L$13)>0,IF(G10>0,G10/'Anexo L - IES'!$K$12,""),"") | J10: =IF(SUM('Anexo L - IES'!$J$10:$L$13)>0,IF(I10>0,I10/'Anexo L - IES'!$L$12,""),"") | N10: Março | P10: =IF(SUM('Anexo L - IES'!$J$10:$L$13)>0,IF(O10>0,O10/'Anexo L - IES'!$J$10,""),"") | R10: =IF(SUM('Anexo L - IES'!$J$10:$L$13)>0,IF(Q10>0,Q10/'Anexo L - IES'!$K$10,""),"") | T10: =IF(SUM('Anexo L - IES'!$J$10:$L$13)>0,IF(S10>0,S10/'Anexo L - IES'!$L$10,""),"")
D11: 4º Trimestre | F11: =IF(SUM('Anexo L - IES'!$J$10:$L$13)>0,IF(E11>0,E11/'Anexo L - IES'!$J$13,""),"") | H11: =IF(SUM('Anexo L - IES'!$J$10:$L$13)>0,IF(G11>0,G11/'Anexo L - IES'!$K$13,""),"") | J11: =IF(SUM('Anexo L - IES'!$J$10:$L$13)>0,IF(I11>0,I11/'Anexo L - IES'!$L$13,""),"") | N11: Abril | P11: =IF(SUM('Anexo L - IES'!$J$10:$L$13)>0,IF(O11>0,O11/'Anexo L - IES'!$J$11,""),"") | R11: =IF(SUM('Anexo L - IES'!$J$10:$L$13)>0,IF(Q11>0,Q11/'Anexo L - IES'!$K$11,""),"") | T11: =IF(SUM('Anexo L - IES'!$J$10:$L$13)>0,IF(S11>0,S11/'Anexo L - IES'!$L$11,""),"")
B12: TOTAIS | E12: =IF(SUM(E8:E11)>0,SUM(E8:E11),"") | F12: =IF(SUM(F8:F11)>0,SUM(F8:F11),"") | G12: =IF(SUM(G8:G11)>0,SUM(G8:G11),"") | H12: =IF(SUM(H8:H11)>0,SUM(H8:H11),"") | I12: =IF(SUM(I8:I11)>0,SUM(I8:I11),"") | J12: =IF(SUM(J8:J11)>0,SUM(J8:J11),"") | N12: Maio | P12: =IF(SUM('Anexo L - IES'!$J$10:$L$13)>0,IF(O12>0,O12/'Anexo L - IES'!$J$11,""),"") | R12: =IF(SUM('Anexo L - IES'!$J$10:$L$13)>0,IF(Q12>0,Q12/'Anexo L - IES'!$K$11,""),"") | T12: =IF(SUM('Anexo L - IES'!$J$10:$L$13)>0,IF(S12>0,S12/'Anexo L - IES'!$L$11,""),"")
N13: Junho | P13: =IF(SUM('Anexo L - IES'!$J$10:$L$13)>0,IF(O13>0,O13/'Anexo L - IES'!$J$11,""),"") | R13: =IF(SUM('Anexo L - IES'!$J$10:$L$13)>0,IF(Q13>0,Q13/'Anexo L - IES'!$K$11,""),"") | T13: =IF(SUM('Anexo L - IES'!$J$10:$L$13)>0,IF(S13>0,S13/'Anexo L - IES'!$L$11,""),"")
N14: Julho | P14: =IF(SUM('Anexo L - IES'!$J$10:$L$13)>0,IF(O14>0,O14/'Anexo L - IES'!$J$12,""),"") | R14: =IF(SUM('Anexo L - IES'!$J$10:$L$13)>0,IF(Q14>0,Q14/'Anexo L - IES'!$K$12,""),"") | T14: =IF(SUM('Anexo L - IES'!$J$10:$L$13)>0,IF(S14>0,S14/'Anexo L - IES'!$L$12,""),"")
B15: IMOBILIZADO - Dados para o Quadro 4 e 6 do Anexo L - IVA TRIMESTRAL | N15: Agosto | P15: =IF(SUM('Anexo L - IES'!$J$10:$L$13)>0,IF(O15>0,O15/'Anexo L - IES'!$J$12,""),"") | R15: =IF(SUM('Anexo L - IES'!$J$10:$L$13)>0,IF(Q15>0,Q15/'Anexo L - IES'!$K$12,""),"") | T15: =IF(SUM('Anexo L - IES'!$J$10:$L$13)>0,IF(S15>0,S15/'Anexo L - IES'!$L$12,""),"")
E16: Taxa Reduzida | F16: BASE | G16: Taxa Intermédia | H16: BASE | I16: Taxa Normal | J16: BASE | N16: Setembro | P16: =IF(SUM('Anexo L - IES'!$J$10:$L$13)>0,IF(O16>0,O16/'Anexo L - IES'!$J$12,""),"") | R16: =IF(SUM('Anexo L - IES'!$J$10:$L$13)>0,IF(Q16>0,Q16/'Anexo L - IES'!$K$12,""),"") | T16: =IF(SUM('Anexo L - IES'!$J$10:$L$13)>0,IF(S16>0,S16/'Anexo L - IES'!$L$12,""),"")
B17: Valores do extracto de contrabilidade referentes às subcontas da 24322... - IVA Dedutivel Imobilizado | D17: 1º Trimestre | F17: =IF(SUM('Anexo L - IES'!$J$10:$L$13)>0,IF(E17>0,E17/'Anexo L - IES'!$J$10,""),"") | H17: =IF(SUM('Anexo L - IES'!$J$10:$L$13)>0,IF(G17>0,G17/'Anexo L - IES'!$K$10,""),"") | J17: =IF(SUM('Anexo L - IES'!$J$10:$L$13)>0,IF(I17>0,I17/'Anexo L - IES'!$L$10,""),"") | N17: Outubro | P17: =IF(SUM('Anexo L - IES'!$J$10:$L$13)>0,IF(O17>0,O17/'Anexo L - IES'!$J$13,""),"") | R17: =IF(SUM('Anexo L - IES'!$J$10:$L$13)>0,IF(Q17>0,Q17/'Anexo L - IES'!$K$13,""),"") | T17: =IF(SUM('Anexo L - IES'!$J$10:$L$13)>0,IF(S17>0,S17/'Anexo L - IES'!$L$13,""),"")
D18: 2º Trimestre | F18: =IF(SUM('Anexo L - IES'!$J$10:$L$13)>0,IF(E18>0,E18/'Anexo L - IES'!$J$11,""),"") | H18: =IF(SUM('Anexo L - IES'!$J$10:$L$13)>0,IF(G18>0,G18/'Anexo L - IES'!$K$11,""),"") | J18: =IF(SUM('Anexo L - IES'!$J$10:$L$13)>0,IF(I18>0,I18/'Anexo L - IES'!$L$11,""),"") | N18: Novembro | P18: =IF(SUM('Anexo L - IES'!$J$10:$L$13)>0,IF(O18>0,O18/'Anexo L - IES'!$J$13,""),"") | R18: =IF(SUM('Anexo L - IES'!$J$10:$L$13)>0,IF(Q18>0,Q18/'Anexo L - IES'!$K$13,""),"") | T18: =IF(SUM('Anexo L - IES'!$J$10:$L$13)>0,IF(S18>0,S18/'Anexo L - IES'!$L$13,""),"")
D19: 3º Trimestre | F19: =IF(SUM('Anexo L - IES'!$J$10:$L$13)>0,IF(E19>0,E19/'Anexo L - IES'!$J$12,""),"") | H19: =IF(SUM('Anexo L - IES'!$J$10:$L$13)>0,IF(G19>0,G19/'Anexo L - IES'!$K$12,""),"") | J19: =IF(SUM('Anexo L - IES'!$J$10:$L$13)>0,IF(I19>0,I19/'Anexo L - IES'!$L$12,""),"") | N19: Dezembro | P19: =IF(SUM('Anexo L - IES'!$J$10:$L$13)>0,IF(O19>0,O19/'Anexo L - IES'!$J$13,""),"") | R19: =IF(SUM('Anexo L - IES'!$J$10:$L$13)>0,IF(Q19>0,Q19/'Anexo L - IES'!$K$13,""),"") | T19: =IF(SUM('Anexo L - IES'!$J$10:$L$13)>0,IF(S19>0,S19/'Anexo L - IES'!$L$13,""),"")
D20: 4º Trimestre | F20: =IF(SUM('Anexo L - IES'!$J$10:$L$13)>0,IF(E20>0,E20/'Anexo L - IES'!$J$13,""),"") | H20: =IF(SUM('Anexo L - IES'!$J$10:$L$13)>0,IF(G20>0,G20/'Anexo L - IES'!$K$13,""),"") | J20: =IF(SUM('Anexo L - IES'!$J$10:$L$13)>0,IF(I20>0,I20/'Anexo L - IES'!$L$13,""),"") | M20: TOTAIS | O20: =IF(SUM(O8:O19)>0,SUM(O8:O19),"") | P20: =IF(SUM(P8:P19)>0,SUM(P8:P19),"") | Q20: =IF(SUM(Q8:Q19)>0,SUM(Q8:Q19),"") | R20: =IF(SUM(R8:R19)>0,SUM(R8:R19),"") | S20: =IF(SUM(S8:S19)>0,SUM(S8:S19),"") | T20: =IF(SUM(T8:T19)>0,SUM(T8:T19),"")
B21: TOTAIS | E21: =IF(SUM(E17:E20)>0,SUM(E17:E20),"") | F21: =IF(SUM(F17:F20)>0,SUM(F17:F20),"") | G21: =IF(SUM(G17:G20)>0,SUM(G17:G20),"") | H21: =IF(SUM(H17:H20)>0,SUM(H17:H20),"") | I21: =IF(SUM(I17:I20)>0,SUM(I17:I20),"") | J21: =IF(SUM(J17:J20)>0,SUM(J17:J20),"")
B24: OUTROS BENS E SERVIÇOS - Dados para o Quadro 4 e 6 do Anexo L - IVA TRIMESTRAL | M24: IMOBILIZADO - Dados para o Quadro 4 e 6 do Anexo L - IVA MENSAL
E25: Taxa Reduzida | F25: BASE | G25: Taxa Intermédia | H25: BASE | I25: Taxa Normal | J25: BASE | O25: Taxa Reduzida | P25: BASE | Q25: Taxa Intermédia | R25: BASE | S25: Taxa Normal | T25: BASE
B26: Valores do extracto de contrabilidade referentes às subcontas da 24323... - IVA Dedutivel OBS | D26: 1º Trimestre | F26: =IF(SUM('Anexo L - IES'!$J$10:$L$13)>0,IF(E26>0,E26/'Anexo L - IES'!$J$10,""),"") | H26: =IF(SUM('Anexo L - IES'!$J$10:$L$13)>0,IF(G26>0,G26/'Anexo L - IES'!$K$10,""),"") | J26: =IF(SUM('Anexo L - IES'!$J$10:$L$13)>0,IF(I26>0,I26/'Anexo L - IES'!$L$10,""),"") | M26: Valores do extracto de contrabilidade referentes às subcontas da 24322... - IVA Dedutivel Imobilizado | N26: Janeiro | P26: =IF(SUM('Anexo L - IES'!$J$10:$L$13)>0,IF(O26>0,O26/'Anexo L - IES'!$J$10,""),"") | R26: =IF(SUM('Anexo L - IES'!$J$10:$L$13)>0,IF(Q26>0,Q26/'Anexo L - IES'!$K$10,""),"") | T26: =IF(SUM('Anexo L - IES'!$J$10:$L$13)>0,IF(S26>0,S26/'Anexo L - IES'!$L$10,""),"")
D27: 2º Trimestre | F27: =IF(SUM('Anexo L - IES'!$J$10:$L$13)>0,IF(E27>0,E27/'Anexo L - IES'!$J$11,""),"") | H27: =IF(SUM('Anexo L - IES'!$J$10:$L$13)>0,IF(G27>0,G27/'Anexo L - IES'!$K$11,""),"") | J27: =IF(SUM('Anexo L - IES'!$J$10:$L$13)>0,IF(I27>0,I27/'Anexo L - IES'!$L$11,""),"") | N27: Fevereiro | P27: =IF(SUM('Anexo L - IES'!$J$10:$L$13)>0,IF(O27>0,O27/'Anexo L - IES'!$J$10,""),"") | R27: =IF(SUM('Anexo L - IES'!$J$10:$L$13)>0,IF(Q27>0,Q27/'Anexo L - IES'!$K$10,""),"") | T27: =IF(SUM('Anexo L - IES'!$J$10:$L$13)>0,IF(S27>0,S27/'Anexo L - IES'!$L$10,""),"")
D28: 3º Trimestre | F28: =IF(SUM('Anexo L - IES'!$J$10:$L$13)>0,IF(E28>0,E28/'Anexo L - IES'!$J$12,""),"") | H28: =IF(SUM('Anexo L - IES'!$J$10:$L$13)>0,IF(G28>0,G28/'Anexo L - IES'!$K$12,""),"") | J28: =IF(SUM('Anexo L - IES'!$J$10:$L$13)>0,IF(I28>0,I28/'Anexo L - IES'!$L$12,""),"") | N28: Março | P28: =IF(SUM('Anexo L - IES'!$J$10:$L$13)>0,IF(O28>0,O28/'Anexo L - IES'!$J$10,""),"") | R28: =IF(SUM('Anexo L - IES'!$J$10:$L$13)>0,IF(Q28>0,Q28/'Anexo L - IES'!$K$10,""),"") | T28: =IF(SUM('Anexo L - IES'!$J$10:$L$13)>0,IF(S28>0,S28/'Anexo L - IES'!$L$10,""),"")
D29: 4º Trimestre | F29: =IF(SUM('Anexo L - IES'!$J$10:$L$13)>0,IF(E29>0,E29/'Anexo L - IES'!$J$13,""),"") | H29: =IF(SUM('Anexo L - IES'!$J$10:$L$13)>0,IF(G29>0,G29/'Anexo L - IES'!$K$13,""),"") | J29: =IF(SUM('Anexo L - IES'!$J$10:$L$13)>0,IF(I29>0,I29/'Anexo L - IES'!$L$13,""),"") | N29: Abril | P29: =IF(SUM('Anexo L - IES'!$J$10:$L$13)>0,IF(O29>0,O29/'Anexo L - IES'!$J$11,""),"") | R29: =IF(SUM('Anexo L - IES'!$J$10:$L$13)>0,IF(Q29>0,Q29/'Anexo L - IES'!$K$11,""),"") | T29: =IF(SUM('Anexo L - IES'!$J$10:$L$13)>0,IF(S29>0,S29/'Anexo L - IES'!$L$11,""),"")
B30: TOTAIS | E30: =IF(SUM(E26:E29)>0,SUM(E26:E29),"") | F30: =IF(SUM(F26:F29)>0,SUM(F26:F29),"") | G30: =IF(SUM(G26:G29)>0,SUM(G26:G29),"") | H30: =IF(SUM(H26:H29)>0,SUM(H26:H29),"") | I30: =IF(SUM(I26:I29)>0,SUM(I26:I29),"") | J30: =IF(SUM(J26:J29)>0,SUM(J26:J29),"") | N30: Maio | P30: =IF(SUM('Anexo L - IES'!$J$10:$L$13)>0,IF(O30>0,O30/'Anexo L - IES'!$J$11,""),"") | R30: =IF(SUM('Anexo L - IES'!$J$10:$L$13)>0,IF(Q30>0,Q30/'Anexo L - IES'!$K$11,""),"") | T30: =IF(SUM('Anexo L - IES'!$J$10:$L$13)>0,IF(S30>0,S30/'Anexo L - IES'!$L$11,""),"")
I31: Taxa Normal | J31: BASE | N31: Junho | P31: =IF(SUM('Anexo L - IES'!$J$10:$L$13)>0,IF(O31>0,O31/'Anexo L - IES'!$J$11,""),"") | R31: =IF(SUM('Anexo L - IES'!$J$10:$L$13)>0,IF(Q31>0,Q31/'Anexo L - IES'!$K$11,""),"") | T31: =IF(SUM('Anexo L - IES'!$J$10:$L$13)>0,IF(S31>0,S31/'Anexo L - IES'!$L$11,""),"")
F32: Valores do extracto de contrabilidade referentes às subcontas da 24323 - Dedução 50% Iva do Gasóleo | H32: 1º Trimestre | J32: =IF(SUM('Anexo L - IES'!$J$10:$L$13)>0,IF(I32>0,I32/('Anexo L - IES'!$L$10/2)+I32,""),"") | N32: Julho | P32: =IF(SUM('Anexo L - IES'!$J$10:$L$13)>0,IF(O32>0,O32/'Anexo L - IES'!$J$12,""),"") | R32: =IF(SUM('Anexo L - IES'!$J$10:$L$13)>0,IF(Q32>0,Q32/'Anexo L - IES'!$K$12,""),"") | T32: =IF(SUM('Anexo L - IES'!$J$10:$L$13)>0,IF(S32>0,S32/'Anexo L - IES'!$L$12,""),"")
H33: 2º Trimestre | J33: =IF(SUM('Anexo L - IES'!$J$10:$L$13)>0,IF(I33>0,I33/('Anexo L - IES'!$L$11/2)+I33,""),"") | N33: Agosto | P33: =IF(SUM('Anexo L - IES'!$J$10:$L$13)>0,IF(O33>0,O33/'Anexo L - IES'!$J$12,""),"") | R33: =IF(SUM('Anexo L - IES'!$J$10:$L$13)>0,IF(Q33>0,Q33/'Anexo L - IES'!$K$12,""),"") | T33: =IF(SUM('Anexo L - IES'!$J$10:$L$13)>0,IF(S33>0,S33/'Anexo L - IES'!$L$12,""),"")
H34: 3º Trimestre | J34: =IF(SUM('Anexo L - IES'!$J$10:$L$13)>0,IF(I34>0,I34/('Anexo L - IES'!$L$12/2)+I34,""),"") | N34: Setembro | P34: =IF(SUM('Anexo L - IES'!$J$10:$L$13)>0,IF(O34>0,O34/'Anexo L - IES'!$J$12,""),"") | R34: =IF(SUM('Anexo L - IES'!$J$10:$L$13)>0,IF(Q34>0,Q34/'Anexo L - IES'!$K$12,""),"") | T34: =IF(SUM('Anexo L - IES'!$J$10:$L$13)>0,IF(S34>0,S34/'Anexo L - IES'!$L$12,""),"")
H35: 4º Trimestre | J35: =IF(SUM('Anexo L - IES'!$J$10:$L$13)>0,IF(I35>0,I35/('Anexo L - IES'!$L$13/2)+I35,""),"") | N35: Outubro | P35: =IF(SUM('Anexo L - IES'!$J$10:$L$13)>0,IF(O35>0,O35/'Anexo L - IES'!$J$13,""),"") | R35: =IF(SUM('Anexo L - IES'!$J$10:$L$13)>0,IF(Q35>0,Q35/'Anexo L - IES'!$K$13,""),"") | T35: =IF(SUM('Anexo L - IES'!$J$10:$L$13)>0,IF(S35>0,S35/'Anexo L - IES'!$L$13,""),"")
F36: TOTAIS | I36: =IF(SUM(I32:I35)>0,SUM(I32:I35),"") | J36: =IF(SUM(J32:J35)>0,SUM(J32:J35),"") | N36: Novembro | P36: =IF(SUM('Anexo L - IES'!$J$10:$L$13)>0,IF(O36>0,O36/'Anexo L - IES'!$J$13,""),"") | R36: =IF(SUM('Anexo L - IES'!$J$10:$L$13)>0,IF(Q36>0,Q36/'Anexo L - IES'!$K$13,""),"") | T36: =IF(SUM('Anexo L - IES'!$J$10:$L$13)>0,IF(S36>0,S36/'Anexo L - IES'!$L$13,""),"")
N37: Dezembro | P37: =IF(SUM('Anexo L - IES'!$J$10:$L$13)>0,IF(O37>0,O37/'Anexo L - IES'!$J$13,""),"") | R37: =IF(SUM('Anexo L - IES'!$J$10:$L$13)>0,IF(Q37>0,Q37/'Anexo L - IES'!$K$13,""),"") | T37: =IF(SUM('Anexo L - IES'!$J$10:$L$13)>0,IF(S37>0,S37/'Anexo L - IES'!$L$13,""),"")
B38: Outros Valores a retirar da contabilidade para preenchimento do Quadro 4 e 5 do Anexo L | M38: TOTAIS | O38: =IF(SUM(O26:O37)>0,SUM(O26:O37),"") | P38: =IF(SUM(P26:P37)>0,SUM(P26:P37),"") | Q38: =IF(SUM(Q26:Q37)>0,SUM(Q26:Q37),"") | R38: =IF(SUM(R26:R37)>0,SUM(R26:R37),"") | S38: =IF(SUM(S26:S37)>0,SUM(S26:S37),"") | T38: =IF(SUM(T26:T37)>0,SUM(T26:T37),"")
B39: Contas SNC | C39: Designação das Contas | F39: Valor do Extracto | H39: Valor p/ Quadro 4 | J39: Totais
F40: 1º Semestre | G40: 2º Semestre
B41: 6234... | C41: Excluido Direito Dedução - Outros | D41: Ofertas a Clientes | H41: =IF(SUM(F41)>0,F41/(1+('Anexo L - IES'!$L$11)),"") | I41: =IF(SUM(G41)>0,G41/(1+('Anexo L - IES'!$L$13)),"") | J41: =IF(SUM(H41:I44)>0,SUM(H41:I44),"") | M41: OUTROS BENS E SERVIÇOS - Dados para o Quadro 4 e 6 do Anexo L - IVA MENSAL
B42: 6266... | D42: Desp. Representação (Tx.Interm.) | H42: =IF(SUM(F42)>0,F42/(1+('Anexo L - IES'!$K$11)),"") | I42: =IF(SUM(G42)>0,G42/(1+('Anexo L - IES'!$K$13)),"") | O42: Taxa Reduzida | P42: BASE | Q42: Taxa Intermédia | R42: BASE | S42: Taxa Normal | T42: BASE
B43: 6251... | D43: Desloc. e Estadas (Tx. Interm.) | H43: =IF(SUM(F43)>0,F43/(1+('Anexo L - IES'!$K$11)),"") | I43: =IF(SUM(G43)>0,G43/(1+('Anexo L - IES'!$K$13)),"") | M43: Valores do extracto de contrabilidade referentes às subcontas da 24323... - IVA Dedutivel OBS | N43: Janeiro | P43: =IF(SUM('Anexo L - IES'!$J$10:$L$13)>0,IF(O43>0,O43/'Anexo L - IES'!$J$10,""),"") | R43: =IF(SUM('Anexo L - IES'!$J$10:$L$13)>0,IF(Q43>0,Q43/'Anexo L - IES'!$K$10,""),"") | T43: =IF(SUM('Anexo L - IES'!$J$10:$L$13)>0,IF(S43>0,S43/'Anexo L - IES'!$L$10,""),"")
B44: 62… | D44: Outros Custos | H44: =IF(SUM(F44)>0,F44/(1+('Anexo L - IES'!$L$11)),"") | I44: =IF(SUM(G44)>0,G44/(1+('Anexo L - IES'!$L$13)),"") | N44: Fevereiro | P44: =IF(SUM('Anexo L - IES'!$J$10:$L$13)>0,IF(O44>0,O44/'Anexo L - IES'!$J$10,""),"") | R44: =IF(SUM('Anexo L - IES'!$J$10:$L$13)>0,IF(Q44>0,Q44/'Anexo L - IES'!$K$10,""),"") | T44: =IF(SUM('Anexo L - IES'!$J$10:$L$13)>0,IF(S44>0,S44/'Anexo L - IES'!$L$10,""),"")
B45: 62212... | C45: Gasolina | H45: =IF(SUM(F45)>0,F45/(1+('Anexo L - IES'!$L$11)),"") | I45: =IF(SUM(G45)>0,G45/(1+('Anexo L - IES'!$L$13)),"") | J45: =IF(SUM(H45:I45)>0,SUM(H45:I45),"") | N45: Março | P45: =IF(SUM('Anexo L - IES'!$J$10:$L$13)>0,IF(O45>0,O45/'Anexo L - IES'!$J$10,""),"") | R45: =IF(SUM('Anexo L - IES'!$J$10:$L$13)>0,IF(Q45>0,Q45/'Anexo L - IES'!$K$10,""),"") | T45: =IF(SUM('Anexo L - IES'!$J$10:$L$13)>0,IF(S45>0,S45/'Anexo L - IES'!$L$10,""),"")
B46: 434... | C46: Aquisição de Viaturas de Turismo | H46: =IF(SUM(F46)>0,F46/(1+('Anexo L - IES'!$L$11)),"") | I46: =IF(SUM(G46)>0,G46/(1+('Anexo L - IES'!$L$13)),"") | J46: =IF(SUM(H46:I46)>0,SUM(H46:I46),"") | N46: Abril | P46: =IF(SUM('Anexo L - IES'!$J$10:$L$13)>0,IF(O46>0,O46/'Anexo L - IES'!$J$11,""),"") | R46: =IF(SUM('Anexo L - IES'!$J$10:$L$13)>0,IF(Q46>0,Q46/'Anexo L - IES'!$K$11,""),"") | T46: =IF(SUM('Anexo L - IES'!$J$10:$L$13)>0,IF(S46>0,S46/'Anexo L - IES'!$L$11,""),"")
H47: =IF(SUM(F47)>0,F47/(1+('Anexo L - IES'!$L$11)),"") | I47: =IF(SUM(G47)>0,G47/(1+('Anexo L - IES'!$L$13)),"") | J47: =IF(SUM(H47:I47)>0,SUM(H47:I47),"") | N47: Maio | P47: =IF(SUM('Anexo L - IES'!$J$10:$L$13)>0,IF(O47>0,O47/'Anexo L - IES'!$J$11,""),"") | R47: =IF(SUM('Anexo L - IES'!$J$10:$L$13)>0,IF(Q47>0,Q47/'Anexo L - IES'!$K$11,""),"") | T47: =IF(SUM('Anexo L - IES'!$J$10:$L$13)>0,IF(S47>0,S47/'Anexo L - IES'!$L$11,""),"")
B48: 624... | C48: Despesas Viaturas de Turismo | D48: Outros Fluidos | H48: =IF(SUM(F48)>0,F48/(1+('Anexo L - IES'!$L$11)),"") | I48: =IF(SUM(G48)>0,G48/(1+('Anexo L - IES'!$L$13)),"") | J48: =IF(SUM(H48:I52)>0,SUM(H48:I52),"") | N48: Junho | P48: =IF(SUM('Anexo L - IES'!$J$10:$L$13)>0,IF(O48>0,O48/'Anexo L - IES'!$J$11,""),"") | R48: =IF(SUM('Anexo L - IES'!$J$10:$L$13)>0,IF(Q48>0,Q48/'Anexo L - IES'!$K$11,""),"") | T48: =IF(SUM('Anexo L - IES'!$J$10:$L$13)>0,IF(S48>0,S48/'Anexo L - IES'!$L$11,""),"")
B49: 6261... | D49: Alugueres | H49: =IF(SUM(F49)>0,F49/(1+('Anexo L - IES'!$L$11)),"") | I49: =IF(SUM(G49)>0,G49/(1+('Anexo L - IES'!$L$13)),"") | N49: Julho | P49: =IF(SUM('Anexo L - IES'!$J$10:$L$13)>0,IF(O49>0,O49/'Anexo L - IES'!$J$12,""),"") | R49: =IF(SUM('Anexo L - IES'!$J$10:$L$13)>0,IF(Q49>0,Q49/'Anexo L - IES'!$K$12,""),"") | T49: =IF(SUM('Anexo L - IES'!$J$10:$L$13)>0,IF(S49>0,S49/'Anexo L - IES'!$L$12,""),"")
B50: 6226... | D50: Conservação e Reparação | H50: =IF(SUM(F50)>0,F50/(1+('Anexo L - IES'!$L$11)),"") | I50: =IF(SUM(G50)>0,G50/(1+('Anexo L - IES'!$L$13)),"") | N50: Agosto | P50: =IF(SUM('Anexo L - IES'!$J$10:$L$13)>0,IF(O50>0,O50/'Anexo L - IES'!$J$12,""),"") | R50: =IF(SUM('Anexo L - IES'!$J$10:$L$13)>0,IF(Q50>0,Q50/'Anexo L - IES'!$K$12,""),"") | T50: =IF(SUM('Anexo L - IES'!$J$10:$L$13)>0,IF(S50>0,S50/'Anexo L - IES'!$L$12,""),"")
B51: 625... | D51: Portagens e Parqueamentos | H51: =IF(SUM(F51)>0,F51/(1+('Anexo L - IES'!$L$11)),"") | I51: =IF(SUM(G51)>0,G51/(1+('Anexo L - IES'!$L$13)),"") | N51: Setembro | P51: =IF(SUM('Anexo L - IES'!$J$10:$L$13)>0,IF(O51>0,O51/'Anexo L - IES'!$J$12,""),"") | R51: =IF(SUM('Anexo L - IES'!$J$10:$L$13)>0,IF(Q51>0,Q51/'Anexo L - IES'!$K$12,""),"") | T51: =IF(SUM('Anexo L - IES'!$J$10:$L$13)>0,IF(S51>0,S51/'Anexo L - IES'!$L$12,""),"")
B52: 62… | D52: Outros Custos | H52: =IF(SUM(F52)>0,F52/(1+('Anexo L - IES'!$L$11)),"") | I52: =IF(SUM(G52)>0,G52/(1+('Anexo L - IES'!$L$13)),"") | N52: Outubro | P52: =IF(SUM('Anexo L - IES'!$J$10:$L$13)>0,IF(O52>0,O52/'Anexo L - IES'!$J$13,""),"") | R52: =IF(SUM('Anexo L - IES'!$J$10:$L$13)>0,IF(Q52>0,Q52/'Anexo L - IES'!$K$13,""),"") | T52: =IF(SUM('Anexo L - IES'!$J$10:$L$13)>0,IF(S52>0,S52/'Anexo L - IES'!$L$13,""),"")
B53: 6261... | C53: Bens e Serviços Isentos | D53: Rendas | H53: =IF(SUM(F53)>0,SUM(F53),"") | I53: =IF(SUM(G53)>0,SUM(G53),"") | J53: =IF(SUM(H53:I56)>0,SUM(H53:I56),"") | N53: Novembro | P53: =IF(SUM('Anexo L - IES'!$J$10:$L$13)>0,IF(O53>0,O53/'Anexo L - IES'!$J$13,""),"") | R53: =IF(SUM('Anexo L - IES'!$J$10:$L$13)>0,IF(Q53>0,Q53/'Anexo L - IES'!$K$13,""),"") | T53: =IF(SUM('Anexo L - IES'!$J$10:$L$13)>0,IF(S53>0,S53/'Anexo L - IES'!$L$13,""),"")
B54: 6263... | D54: Seguros | H54: =IF(SUM(F54)>0,SUM(F54),"") | I54: =IF(SUM(G54)>0,SUM(G54),"") | N54: Dezembro | P54: =IF(SUM('Anexo L - IES'!$J$10:$L$13)>0,IF(O54>0,O54/'Anexo L - IES'!$J$13,""),"") | R54: =IF(SUM('Anexo L - IES'!$J$10:$L$13)>0,IF(Q54>0,Q54/'Anexo L - IES'!$K$13,""),"") | T54: =IF(SUM('Anexo L - IES'!$J$10:$L$13)>0,IF(S54>0,S54/'Anexo L - IES'!$L$13,""),"")
B55: 6224… | D55: Honorários | H55: =IF(SUM(F55)>0,SUM(F55),"") | I55: =IF(SUM(G55)>0,SUM(G55),"") | M55: TOTAIS | O55: =IF(SUM(O43:O54)>0,SUM(O43:O54),"") | P55: =IF(SUM(P43:P54)>0,SUM(P43:P54),"") | Q55: =IF(SUM(Q43:Q54)>0,SUM(Q43:Q54),"") | R55: =IF(SUM(R43:R54)>0,SUM(R43:R54),"") | S55: =IF(SUM(S43:S54)>0,SUM(S43:S54),"") | T55: =IF(SUM(T43:T54)>0,SUM(T43:T54),"")
B56: 62… | D56: Outros Custos | H56: =IF(SUM(F56)>0,SUM(F56),"") | I56: =IF(SUM(G56)>0,SUM(G56),"") | S56: Taxa Normal | T56: BASE
B57: 434… | C57: Aquis.Motos, Barcosde Recreio, Aviões | H57: =IF(SUM(F57)>0,F57/(1+('Anexo L - IES'!$L$11)),"") | I57: =IF(SUM(G57)>0,G57/(1+('Anexo L - IES'!$L$13)),"") | J57: =IF(SUM(H57:I57)>0,SUM(H57:I57),"") | P57: Valores do extracto de contrabilidade referentes às subcontas da 24323 - Dedução 50% Iva do Gasóleo | R57: Janeiro | T57: =IF(SUM('Anexo L - IES'!$J$10:$L$13)>0,IF(S57>0,S57/('Anexo L - IES'!$L$10/2)+S57,""),"")
B58: 424… | C58: Aquis. Imóveis Isentos - nº 31 art. 9 CIVA | H58: =IF(SUM(F58)>0,SUM(F58),"") | I58: =IF(SUM(G58)>0,SUM(G58),"") | J58: =IF(SUM(H58:I58)>0,SUM(H58:I58),"") | R58: Fevereiro | T58: =IF(SUM('Anexo L - IES'!$J$10:$L$13)>0,IF(S58>0,S58/('Anexo L - IES'!$L$10/2)+S58,""),"")
B59: 31… | C59: Aquis. Imóveis Isentos - nº 31 art. 9 CIVA | H59: =IF(SUM(F59)>0,SUM(F59),"") | I59: =IF(SUM(G59)>0,SUM(G59),"") | J59: =IF(SUM(H59:I59)>0,SUM(H59:I59),"") | R59: Março | T59: =IF(SUM('Anexo L - IES'!$J$10:$L$13)>0,IF(S59>0,S59/('Anexo L - IES'!$L$10/2)+S59,""),"")
B60: Aquis.Serv.Transp.Intracom.(cargas) - Art.6 do CIVA | H60: =IF(SUM(F60)>0,SUM(F60),"") | I60: =IF(SUM(G60)>0,SUM(G60),"") | J60: =IF(SUM(H60:I60)>0,SUM(H60:I60),"") | R60: Abril | T60: =IF(SUM('Anexo L - IES'!$J$10:$L$13)>0,IF(S60>0,S60/('Anexo L - IES'!$L$11/2)+S60,""),"")
B61: Transm. Imóvel isento p/ nº 31 art. 9 CIVA (Imobilizado) | H61: =IF(SUM(F61)>0,SUM(F61),"") | I61: =IF(SUM(G61)>0,SUM(G61),"") | J61: =IF(SUM(H61:I61)>0,SUM(H61:I61),"") | R61: Maio | T61: =IF(SUM('Anexo L - IES'!$J$10:$L$13)>0,IF(S61>0,S61/('Anexo L - IES'!$L$11/2)+S61,""),"")
B62: Transm. Imóvel isento p/ nº 31 art. 9 CIVA (Existências) | H62: =IF(SUM(F62)>0,SUM(F62),"") | I62: =IF(SUM(G62)>0,SUM(G62),"") | J62: =IF(SUM(H62:I62)>0,SUM(H62:I62),"") | R62: Junho | T62: =IF(SUM('Anexo L - IES'!$J$10:$L$13)>0,IF(S62>0,S62/('Anexo L - IES'!$L$11/2)+S62,""),"")
B63: Venda Viatura de Turismo isentas pelo nº 33 art. 9 CIVA | H63: =IF(SUM(F63)>0,SUM(F63),"") | I63: =IF(SUM(G63)>0,SUM(G63),"") | J63: =IF(SUM(H63:I64)>0,SUM(H63:I64),"") | R63: Julho | T63: =IF(SUM('Anexo L - IES'!$J$10:$L$13)>0,IF(S63>0,S63/('Anexo L - IES'!$L$12/2)+S63,""),"")
R64: Agosto | T64: =IF(SUM('Anexo L - IES'!$J$10:$L$13)>0,IF(S64>0,S64/('Anexo L - IES'!$L$12/2)+S64,""),"")
B65: Venda Imobilizado p/ União Europeia - Art. 14 CIVA | H65: =IF(SUM(F65)>0,SUM(F65),"") | I65: =IF(SUM(G65)>0,SUM(G65),"") | J65: =IF(SUM(H65:I66)>0,SUM(H65:I66),"") | R65: Setembro | T65: =IF(SUM('Anexo L - IES'!$J$10:$L$13)>0,IF(S65>0,S65/('Anexo L - IES'!$L$12/2)+S65,""),"")
R66: Outubro | T66: =IF(SUM('Anexo L - IES'!$J$10:$L$13)>0,IF(S66>0,S66/('Anexo L - IES'!$L$13/2)+S66,""),"")
B67: Outras Transmiss. p/ União Europeia - Art. 14 CIVA | H67: =IF(SUM(F67)>0,SUM(F67),"") | I67: =IF(SUM(G67)>0,SUM(G67),"") | J67: =IF(SUM(H67:I68)>0,SUM(H67:I68),"") | R67: Novembro | T67: =IF(SUM('Anexo L - IES'!$J$10:$L$13)>0,IF(S67>0,S67/('Anexo L - IES'!$L$13/2)+S67,""),"")
R68: Dezembro | T68: =IF(SUM('Anexo L - IES'!$J$10:$L$13)>0,IF(S68>0,S68/('Anexo L - IES'!$L$13/2)+S68,""),"")
B69: Venda Imobilizado p/ Exterior - Excepto Art. 14 CIVA | H69: =IF(SUM(F69)>0,SUM(F69),"") | I69: =IF(SUM(G69)>0,SUM(G69),"") | J69: =IF(SUM(H69:I70)>0,SUM(H69:I70),"") | P69: TOTAIS | S69: =IF(SUM(S57:S68)>0,SUM(S57:S68),"") | T69: =IF(SUM(T57:T68)>0,SUM(T57:T68),"")
B71: Outras Transmiss. p/ Exterior - Excepto Art. 14 CIVA | H71: =IF(SUM(F71)>0,SUM(F71),"") | I71: =IF(SUM(G71)>0,SUM(G71),"") | J71: =IF(SUM(H71:I71)>0,SUM(H71:I71),"")
B72: Aquisição de Existências Isentas - Art. 9 do CIVA | H72: =IF(SUM(F72)>0,SUM(F72),"") | I72: =IF(SUM(G72)>0,SUM(G72),"") | J72: =IF(SUM(H72:I72)>0,SUM(H72:I72),"") | M72: Quadro 7 do Anexo L - Recebimentos Antecipados
B73: Aquisição Existências a Sujeitos Isentos-Art. 53 CIVA | H73: =IF(SUM(F73)>0,SUM(F73),"") | I73: =IF(SUM(G73)>0,SUM(G73),"") | J73: =IF(SUM(H73:I73)>0,SUM(H73:I73),"") | M73: Valores do extracto de contrabilidade referentes às contas de Recebimentos Antecipados (L57 e L58) | P73: Taxa Reduzida | R73: Taxa Intermédia | T73: Taxa Normal
B74: Aquisição OBS a Sujeitos Isentos - Art. 53 CIVA | H74: =IF(SUM(F74)>0,SUM(F74),"") | I74: =IF(SUM(G74)>0,SUM(G74),"") | J74: =IF(SUM(H74:I74)>0,SUM(H74:I74),"")
B75: Aquis. Bens e Serviços Residuos / Sucatas (Existências) | H75: =IF(SUM(F75)>0,SUM(F75),"") | I75: =IF(SUM(G75)>0,SUM(G75),"") | J75: =IF(SUM(H75:I75)>0,SUM(H75:I75),"")
B76: Aquis. Bens e Serviços Residuos / Sucatas (OBS) | H76: =IF(SUM(F76)>0,SUM(F76),"") | I76: =IF(SUM(G76)>0,SUM(G76),"") | J76: =IF(SUM(H76:I76)>0,SUM(H76:I76),"")
B77: Aquis. Bens e Serviços Residuos / Sucatas (Imobilizado) | H77: =IF(SUM(F77)>0,SUM(F77),"") | I77: =IF(SUM(G77)>0,SUM(G77),"") | J77: =IF(SUM(H77:I77)>0,SUM(H77:I77),"") | M77: Valores do extracto de contrabilidade referentes à Facturação definitiva de recebimentos de anos anteriores (L59) | P77: Taxa Reduzida | R77: Taxa Intermédia | T77: Taxa Normal
B78: Aquis. Bens e Serviços c/ Locação de Viaturas (OBS) | H78: =IF(SUM(F78)>0,SUM(F78),"") | I78: =IF(SUM(G78)>0,SUM(G78),"") | J78: =IF(SUM(H78:I78)>0,SUM(H78:I78),"")
B79: Locação de Viaturas (Existências) | H79: =IF(SUM(F79)>0,SUM(F79),"") | I79: =IF(SUM(G79)>0,SUM(G79),"") | J79: =IF(SUM(H79:I79)>0,SUM(H79:I79),"")
M83: =IF('Anexo L - IES'!$F$12=4,SUM('Cálculos Auxiliares'!G86:H86),"")
B84: Preencher apenas se colocar a opção 4 (Existências, OBS e Imobilizado) para Quadro 3 do anexo L | M84: Quadro 4 do Anexo L - Viaturas de Turismo
B85: Retirar do Extracto Contabili// as Vendas de: | E85: EXISTÊNCIAS | G85: OUTROS BENS E SERV. | I85: IMOBILIZADO | M85: Retirar do Extracto Contabili// os Valores de: | P85: EXISTÊNCIAS | R85: OUTROS BENS E SERVIÇOS | T85: IMOBILIZADO
B86: Transmissões de Bens e Prestações de Serviços | C86: Taxa Reduzida
C87: Taxa Intermédia | M87: Aquisições de Bens e Prestações de Serviços relacionadas com Viaturas de Turismo, nas quais, o imposto tenha sido total ou parcialmente deduzido
C88: Taxa Normal
C89: Isentas c/ dedução
C90: Isentas s/ dedução
C91: Inversão Residuos e Sucatas
C92: Inversão Construção Civil
B95: IVA DEVIDO NO ADQUIRENTE - IMOBILIZADO - Dados para o Quadro 4 e 6 do Anexo L - IVA TRIMESTRAL | M95: IVA DEVIDO NO ADQUIRENTE - OBS - Dados para o Quadro 4 e 6 do Anexo L - IVA TRIMESTRAL
E96: Taxa Reduzida | F96: BASE | G96: Taxa Intermédia | H96: BASE | I96: Taxa Normal | J96: BASE | P96: Taxa Reduzida | Q96: BASE | R96: Taxa Intermédia | S96: BASE | T96: Taxa Normal | U96: BASE
B97: Valores do extracto de contrabilidade referentes às subcontas da 24322... - IVA Dedutivel Devido no Adquirente | D97: 1º Trimestre | F97: =IF(SUM('Anexo L - IES'!$J$10:$L$13)>0,IF(E97>0,E97/'Anexo L - IES'!$J$10,""),"") | H97: =IF(SUM('Anexo L - IES'!$J$10:$L$13)>0,IF(G97>0,G97/'Anexo L - IES'!$K$10,""),"") | J97: =IF(SUM('Anexo L - IES'!$J$10:$L$13)>0,IF(I97>0,I97/'Anexo L - IES'!$L$10,""),"") | M97: Valores do extracto de contrabilidade referentes às subcontas da 24323... - IVA Dedutivel Devido no Adquirente | O97: 1º Trimestre | Q97: =IF(SUM('Anexo L - IES'!$J$10:$L$13)>0,IF(P97>0,P97/'Anexo L - IES'!$J$10,""),"") | S97: =IF(SUM('Anexo L - IES'!$J$10:$L$13)>0,IF(R97>0,R97/'Anexo L - IES'!$K$10,""),"") | U97: =IF(SUM('Anexo L - IES'!$J$10:$L$13)>0,IF(T97>0,T97/'Anexo L - IES'!$L$10,""),"")
D98: 2º Trimestre | F98: =IF(SUM('Anexo L - IES'!$J$10:$L$13)>0,IF(E98>0,E98/'Anexo L - IES'!$J$11,""),"") | H98: =IF(SUM('Anexo L - IES'!$J$10:$L$13)>0,IF(G98>0,G98/'Anexo L - IES'!$K$11,""),"") | J98: =IF(SUM('Anexo L - IES'!$J$10:$L$13)>0,IF(I98>0,I98/'Anexo L - IES'!$L$11,""),"") | O98: 2º Trimestre | Q98: =IF(SUM('Anexo L - IES'!$J$10:$L$13)>0,IF(P98>0,P98/'Anexo L - IES'!$J$11,""),"") | S98: =IF(SUM('Anexo L - IES'!$J$10:$L$13)>0,IF(R98>0,R98/'Anexo L - IES'!$K$11,""),"") | U98: =IF(SUM('Anexo L - IES'!$J$10:$L$13)>0,IF(T98>0,T98/'Anexo L - IES'!$L$11,""),"")
D99: 3º Trimestre | F99: =IF(SUM('Anexo L - IES'!$J$10:$L$13)>0,IF(E99>0,E99/'Anexo L - IES'!$J$12,""),"") | H99: =IF(SUM('Anexo L - IES'!$J$10:$L$13)>0,IF(G99>0,G99/'Anexo L - IES'!$K$12,""),"") | J99: =IF(SUM('Anexo L - IES'!$J$10:$L$13)>0,IF(I99>0,I99/'Anexo L - IES'!$L$12,""),"") | O99: 3º Trimestre | Q99: =IF(SUM('Anexo L - IES'!$J$10:$L$13)>0,IF(P99>0,P99/'Anexo L - IES'!$J$12,""),"") | S99: =IF(SUM('Anexo L - IES'!$J$10:$L$13)>0,IF(R99>0,R99/'Anexo L - IES'!$K$12,""),"") | U99: =IF(SUM('Anexo L - IES'!$J$10:$L$13)>0,IF(T99>0,T99/'Anexo L - IES'!$L$12,""),"")
D100: 4º Trimestre | F100: =IF(SUM('Anexo L - IES'!$J$10:$L$13)>0,IF(E100>0,E100/'Anexo L - IES'!$J$13,""),"") | H100: =IF(SUM('Anexo L - IES'!$J$10:$L$13)>0,IF(G100>0,G100/'Anexo L - IES'!$K$13,""),"") | J100: =IF(SUM('Anexo L - IES'!$J$10:$L$13)>0,IF(I100>0,I100/'Anexo L - IES'!$L$13,""),"") | O100: 4º Trimestre | Q100: =IF(SUM('Anexo L - IES'!$J$10:$L$13)>0,IF(P100>0,P100/'Anexo L - IES'!$J$13,""),"") | S100: =IF(SUM('Anexo L - IES'!$J$10:$L$13)>0,IF(R100>0,R100/'Anexo L - IES'!$K$13,""),"") | U100: =IF(SUM('Anexo L - IES'!$J$10:$L$13)>0,IF(T100>0,T100/'Anexo L - IES'!$L$13,""),"")
B101: TOTAIS | E101: =IF(SUM(E97:E100)>0,SUM(E97:E100),"") | F101: =IF(SUM(F97:F100)>0,SUM(F97:F100),"") | G101: =IF(SUM(G97:G100)>0,SUM(G97:G100),"") | H101: =IF(SUM(H97:H100)>0,SUM(H97:H100),"") | I101: =IF(SUM(I97:I100)>0,SUM(I97:I100),"") | J101: =IF(SUM(J97:J100)>0,SUM(J97:J100),"") | M101: TOTAIS | P101: =IF(SUM(P97:P100)>0,SUM(P97:P100),"") | Q101: =IF(SUM(Q97:Q100)>0,SUM(Q97:Q100),"") | R101: =IF(SUM(R97:R100)>0,SUM(R97:R100),"") | S101: =IF(SUM(S97:S100)>0,SUM(S97:S100),"") | T101: =IF(SUM(T97:T100)>0,SUM(T97:T100),"") | U101: =IF(SUM(U97:U100)>0,SUM(U97:U100),"")
B104: IVA AQUISIÇÕES INTRACOMUNITÁRIAS - IMOBILIZADO - Dados para o Quadro 5 e 6 do Anexo L - IVA TRIMESTRAL | M104: IVA AQUISIÇÕES INTRACOMUN. - OBS e EXISTÊNCIAS - Dados para o Quadro 5 e 6 do Anexo L - IVA TRIMESTRAL
E105: Taxa Reduzida | F105: BASE | G105: Taxa Intermédia | H105: BASE | I105: Taxa Normal | J105: BASE | P105: Taxa Reduzida | Q105: BASE | R105: Taxa Intermédia | S105: BASE | T105: Taxa Normal | U105: BASE
B106: Valores do extracto de contrabilidade referentes às subcontas da 24322... - IVA Dedutivel das Aquisições Intracomunitárias | D106: 1º Trimestre | F106: =IF(SUM('Anexo L - IES'!$J$10:$L$13)>0,IF(E106>0,E106/'Anexo L - IES'!$J$10,""),"") | H106: =IF(SUM('Anexo L - IES'!$J$10:$L$13)>0,IF(G106>0,G106/'Anexo L - IES'!$K$10,""),"") | J106: =IF(SUM('Anexo L - IES'!$J$10:$L$13)>0,IF(I106>0,I106/'Anexo L - IES'!$L$10,""),"") | M106: Valores do extracto de contrabilidade referentes às subcontas da 24322... - IVA Dedutivel das Aquisições Intracomunitárias | O106: 1º Trimestre | Q106: =IF(SUM('Anexo L - IES'!$J$10:$L$13)>0,IF(P106>0,P106/'Anexo L - IES'!$J$10,""),"") | S106: =IF(SUM('Anexo L - IES'!$J$10:$L$13)>0,IF(R106>0,R106/'Anexo L - IES'!$K$10,""),"") | U106: =IF(SUM('Anexo L - IES'!$J$10:$L$13)>0,IF(T106>0,T106/'Anexo L - IES'!$L$10,""),"")
D107: 2º Trimestre | F107: =IF(SUM('Anexo L - IES'!$J$10:$L$13)>0,IF(E107>0,E107/'Anexo L - IES'!$J$11,""),"") | H107: =IF(SUM('Anexo L - IES'!$J$10:$L$13)>0,IF(G107>0,G107/'Anexo L - IES'!$K$11,""),"") | J107: =IF(SUM('Anexo L - IES'!$J$10:$L$13)>0,IF(I107>0,I107/'Anexo L - IES'!$L$11,""),"") | O107: 2º Trimestre | Q107: =IF(SUM('Anexo L - IES'!$J$10:$L$13)>0,IF(P107>0,P107/'Anexo L - IES'!$J$11,""),"") | S107: =IF(SUM('Anexo L - IES'!$J$10:$L$13)>0,IF(R107>0,R107/'Anexo L - IES'!$K$11,""),"") | U107: =IF(SUM('Anexo L - IES'!$J$10:$L$13)>0,IF(T107>0,T107/'Anexo L - IES'!$L$11,""),"")
D108: 3º Trimestre | F108: =IF(SUM('Anexo L - IES'!$J$10:$L$13)>0,IF(E108>0,E108/'Anexo L - IES'!$J$12,""),"") | H108: =IF(SUM('Anexo L - IES'!$J$10:$L$13)>0,IF(G108>0,G108/'Anexo L - IES'!$K$12,""),"") | J108: =IF(SUM('Anexo L - IES'!$J$10:$L$13)>0,IF(I108>0,I108/'Anexo L - IES'!$L$12,""),"") | O108: 3º Trimestre | Q108: =IF(SUM('Anexo L - IES'!$J$10:$L$13)>0,IF(P108>0,P108/'Anexo L - IES'!$J$12,""),"") | S108: =IF(SUM('Anexo L - IES'!$J$10:$L$13)>0,IF(R108>0,R108/'Anexo L - IES'!$K$12,""),"") | U108: =IF(SUM('Anexo L - IES'!$J$10:$L$13)>0,IF(T108>0,T108/'Anexo L - IES'!$L$12,""),"")
D109: 4º Trimestre | F109: =IF(SUM('Anexo L - IES'!$J$10:$L$13)>0,IF(E109>0,E109/'Anexo L - IES'!$J$13,""),"") | H109: =IF(SUM('Anexo L - IES'!$J$10:$L$13)>0,IF(G109>0,G109/'Anexo L - IES'!$K$13,""),"") | J109: =IF(SUM('Anexo L - IES'!$J$10:$L$13)>0,IF(I109>0,I109/'Anexo L - IES'!$L$13,""),"") | O109: 4º Trimestre | Q109: =IF(SUM('Anexo L - IES'!$J$10:$L$13)>0,IF(P109>0,P109/'Anexo L - IES'!$J$13,""),"") | S109: =IF(SUM('Anexo L - IES'!$J$10:$L$13)>0,IF(R109>0,R109/'Anexo L - IES'!$K$13,""),"") | U109: =IF(SUM('Anexo L - IES'!$J$10:$L$13)>0,IF(T109>0,T109/'Anexo L - IES'!$L$13,""),"")
B110: TOTAIS | E110: =IF(SUM(E106:E109)>0,SUM(E106:E109),"") | F110: =IF(SUM(F106:F109)>0,SUM(F106:F109),"") | G110: =IF(SUM(G106:G109)>0,SUM(G106:G109),"") | H110: =IF(SUM(H106:H109)>0,SUM(H106:H109),"") | I110: =IF(SUM(I106:I109)>0,SUM(I106:I109),"") | J110: =IF(SUM(J106:J109)>0,SUM(J106:J109),"") | M110: TOTAIS | P110: =IF(SUM(P106:P109)>0,SUM(P106:P109),"") | Q110: =IF(SUM(Q106:Q109)>0,SUM(Q106:Q109),"") | R110: =IF(SUM(R106:R109)>0,SUM(R106:R109),"") | S110: =IF(SUM(S106:S109)>0,SUM(S106:S109),"") | T110: =IF(SUM(T106:T109)>0,SUM(T106:T109),"") | U110: =IF(SUM(U106:U109)>0,SUM(U106:U109),"")
B113: IVA IMPORTAÇÕES (FORA DA UE) - IMOBILIZADO - Dados para o Quadro 5 e 6 do Anexo L - IVA TRIMESTRAL | M113: IVA IMPORTAÇÕES (FORA DA UE) - OBS e EXISTÊNCIAS - Dados para o Quadro 5 e 6 do Anexo L - IVA TRIMESTRAL
E114: Taxa Reduzida | F114: BASE | G114: Taxa Intermédia | H114: BASE | I114: Taxa Normal | J114: BASE | P114: Taxa Reduzida | Q114: BASE | R114: Taxa Intermédia | S114: BASE | T114: Taxa Normal | U114: BASE
B115: Valores do extracto de contrabilidade referentes às subcontas da 24322... - IVA Dedutivel de Importações (Pago nas Alfândegas) | D115: 1º Trimestre | F115: =IF(SUM('Anexo L - IES'!$J$10:$L$13)>0,IF(E115>0,E115/'Anexo L - IES'!$J$10,""),"") | H115: =IF(SUM('Anexo L - IES'!$J$10:$L$13)>0,IF(G115>0,G115/'Anexo L - IES'!$K$10,""),"") | J115: =IF(SUM('Anexo L - IES'!$J$10:$L$13)>0,IF(I115>0,I115/'Anexo L - IES'!$L$10,""),"") | M115: Valores do extracto de contrabilidade referentes às subcontas da 24322... - IVA Dedutivel de Importações (Pago nas Alfândegas) | O115: 1º Trimestre | Q115: =IF(SUM('Anexo L - IES'!$J$10:$L$13)>0,IF(P115>0,P115/'Anexo L - IES'!$J$10,""),"") | S115: =IF(SUM('Anexo L - IES'!$J$10:$L$13)>0,IF(R115>0,R115/'Anexo L - IES'!$K$10,""),"") | U115: =IF(SUM('Anexo L - IES'!$J$10:$L$13)>0,IF(T115>0,T115/'Anexo L - IES'!$L$10,""),"")
...

Sheet CA - Anexo R
B2: Quadros de Cálculos Auxiliares para o Anexo L da IES | M2: Quadros de Cálculos Auxiliares para o Anexo L da IES
B4: Nota Importante: Preencher somente as células vazias e em branco dos quadros abaixo. Só para IVA dos Açores e Madeira | M4: Nota Importante: Preencher somente as células vazias e em branco dos quadros abaixo. Só para IVA dos Açores e Madeira
B6: EXISTÊNCIAS - Dados para o Quadro 4 e 6 do Anexo L - IVA TRIMESTRAL | M6: EXISTÊNCIAS - Dados para o Quadro 4 e 6 do Anexo L - IVA MENSAL
E7: Taxa Reduzida | F7: BASE | G7: Taxa Intermédia | H7: BASE | I7: Taxa Normal | J7: BASE | O7: Taxa Reduzida | P7: BASE | Q7: Taxa Intermédia | R7: BASE | S7: Taxa Normal | T7: BASE
B8: Valores do extracto de contrabilidade referentes às subcontas da 24321... - IVA Dedutivel Existências | D8: 1º Trimestre | F8: =IF(SUM('Anexo L - IES'!$J$17:$L$20)>0,IF(E8>0,E8/'Anexo L - IES'!$J$17,""),"") | H8: =IF(SUM('Anexo L - IES'!$J$17:$L$20)>0,IF(G8>0,G8/'Anexo L - IES'!$K$17,""),"") | J8: =IF(SUM('Anexo L - IES'!$J$17:$L$20)>0,IF(I8>0,I8/'Anexo L - IES'!$L$17,""),"") | M8: Valores do extracto de contrabilidade referentes às subcontas da 24321... - IVA Dedutivel Existências | N8: Janeiro | P8: =IF(SUM('Anexo L - IES'!$J$17:$L$20)>0,IF(O8>0,O8/'Anexo L - IES'!$J$17,""),"") | R8: =IF(SUM('Anexo L - IES'!$J$17:$L$20)>0,IF(Q8>0,Q8/'Anexo L - IES'!$K$17,""),"") | T8: =IF(SUM('Anexo L - IES'!$J$17:$L$20)>0,IF(S8>0,S8/'Anexo L - IES'!$L$17,""),"")
D9: 2º Trimestre | F9: =IF(SUM('Anexo L - IES'!$J$17:$L$20)>0,IF(E9>0,E9/'Anexo L - IES'!$J$18,""),"") | H9: =IF(SUM('Anexo L - IES'!$J$17:$L$20)>0,IF(G9>0,G9/'Anexo L - IES'!$K$18,""),"") | J9: =IF(SUM('Anexo L - IES'!$J$17:$L$20)>0,IF(I9>0,I9/'Anexo L - IES'!$L$18,""),"") | N9: Fevereiro | P9: =IF(SUM('Anexo L - IES'!$J$17:$L$20)>0,IF(O9>0,O9/'Anexo L - IES'!$J$17,""),"") | R9: =IF(SUM('Anexo L - IES'!$J$17:$L$20)>0,IF(Q9>0,Q9/'Anexo L - IES'!$K$17,""),"") | T9: =IF(SUM('Anexo L - IES'!$J$17:$L$20)>0,IF(S9>0,S9/'Anexo L - IES'!$L$17,""),"")
D10: 3º Trimestre | F10: =IF(SUM('Anexo L - IES'!$J$17:$L$20)>0,IF(E10>0,E10/'Anexo L - IES'!$J$19,""),"") | H10: =IF(SUM('Anexo L - IES'!$J$17:$L$20)>0,IF(G10>0,G10/'Anexo L - IES'!$K$19,""),"") | J10: =IF(SUM('Anexo L - IES'!$J$17:$L$20)>0,IF(I10>0,I10/'Anexo L - IES'!$L$19,""),"") | N10: Março | P10: =IF(SUM('Anexo L - IES'!$J$17:$L$20)>0,IF(O10>0,O10/'Anexo L - IES'!$J$17,""),"") | R10: =IF(SUM('Anexo L - IES'!$J$17:$L$20)>0,IF(Q10>0,Q10/'Anexo L - IES'!$K$17,""),"") | T10: =IF(SUM('Anexo L - IES'!$J$17:$L$20)>0,IF(S10>0,S10/'Anexo L - IES'!$L$17,""),"")
D11: 4º Trimestre | F11: =IF(SUM('Anexo L - IES'!$J$17:$L$20)>0,IF(E11>0,E11/'Anexo L - IES'!$J$20,""),"") | H11: =IF(SUM('Anexo L - IES'!$J$17:$L$20)>0,IF(G11>0,G11/'Anexo L - IES'!$K$20,""),"") | J11: =IF(SUM('Anexo L - IES'!$J$17:$L$20)>0,IF(I11>0,I11/'Anexo L - IES'!$L$20,""),"") | N11: Abril | P11: =IF(SUM('Anexo L - IES'!$J$17:$L$20)>0,IF(O11>0,O11/'Anexo L - IES'!$J$18,""),"") | R11: =IF(SUM('Anexo L - IES'!$J$17:$L$20)>0,IF(Q11>0,Q11/'Anexo L - IES'!$K$18,""),"") | T11: =IF(SUM('Anexo L - IES'!$J$17:$L$20)>0,IF(S11>0,S11/'Anexo L - IES'!$L$18,""),"")
B12: TOTAIS | E12: =IF(SUM(E8:E11)>0,SUM(E8:E11),"") | F12: =IF(SUM(F8:F11)>0,SUM(F8:F11),"") | G12: =IF(SUM(G8:G11)>0,SUM(G8:G11),"") | H12: =IF(SUM(H8:H11)>0,SUM(H8:H11),"") | I12: =IF(SUM(I8:I11)>0,SUM(I8:I11),"") | J12: =IF(SUM(J8:J11)>0,SUM(J8:J11),"") | N12: Maio | P12: =IF(SUM('Anexo L - IES'!$J$17:$L$20)>0,IF(O12>0,O12/'Anexo L - IES'!$J$18,""),"") | R12: =IF(SUM('Anexo L - IES'!$J$17:$L$20)>0,IF(Q12>0,Q12/'Anexo L - IES'!$K$18,""),"") | T12: =IF(SUM('Anexo L - IES'!$J$17:$L$20)>0,IF(S12>0,S12/'Anexo L - IES'!$L$18,""),"")
N13: Junho | P13: =IF(SUM('Anexo L - IES'!$J$17:$L$20)>0,IF(O13>0,O13/'Anexo L - IES'!$J$18,""),"") | R13: =IF(SUM('Anexo L - IES'!$J$17:$L$20)>0,IF(Q13>0,Q13/'Anexo L - IES'!$K$18,""),"") | T13: =IF(SUM('Anexo L - IES'!$J$17:$L$20)>0,IF(S13>0,S13/'Anexo L - IES'!$L$18,""),"")
N14: Julho | P14: =IF(SUM('Anexo L - IES'!$J$17:$L$20)>0,IF(O14>0,O14/'Anexo L - IES'!$J$19,""),"") | R14: =IF(SUM('Anexo L - IES'!$J$17:$L$20)>0,IF(Q14>0,Q14/'Anexo L - IES'!$K$19,""),"") | T14: =IF(SUM('Anexo L - IES'!$J$17:$L$20)>0,IF(S14>0,S14/'Anexo L - IES'!$L$19,""),"")
B15: IMOBILIZADO - Dados para o Quadro 4 e 6 do Anexo L - IVA TRIMESTRAL | N15: Agosto | P15: =IF(SUM('Anexo L - IES'!$J$17:$L$20)>0,IF(O15>0,O15/'Anexo L - IES'!$J$19,""),"") | R15: =IF(SUM('Anexo L - IES'!$J$17:$L$20)>0,IF(Q15>0,Q15/'Anexo L - IES'!$K$19,""),"") | T15: =IF(SUM('Anexo L - IES'!$J$17:$L$20)>0,IF(S15>0,S15/'Anexo L - IES'!$L$19,""),"")
E16: Taxa Reduzida | F16: BASE | G16: Taxa Intermédia | H16: BASE | I16: Taxa Normal | J16: BASE | N16: Setembro | P16: =IF(SUM('Anexo L - IES'!$J$17:$L$20)>0,IF(O16>0,O16/'Anexo L - IES'!$J$19,""),"") | R16: =IF(SUM('Anexo L - IES'!$J$17:$L$20)>0,IF(Q16>0,Q16/'Anexo L - IES'!$K$19,""),"") | T16: =IF(SUM('Anexo L - IES'!$J$17:$L$20)>0,IF(S16>0,S16/'Anexo L - IES'!$L$19,""),"")
B17: Valores do extracto de contrabilidade referentes às subcontas da 24322... - IVA Dedutivel Imobilizado | D17: 1º Trimestre | F17: =IF(SUM('Anexo L - IES'!$J$17:$L$20)>0,IF(E17>0,E17/'Anexo L - IES'!$J$17,""),"") | H17: =IF(SUM('Anexo L - IES'!$J$17:$L$20)>0,IF(G17>0,G17/'Anexo L - IES'!$K$17,""),"") | J17: =IF(SUM('Anexo L - IES'!$J$17:$L$20)>0,IF(I17>0,I17/'Anexo L - IES'!$L$17,""),"") | N17: Outubro | P17: =IF(SUM('Anexo L - IES'!$J$17:$L$20)>0,IF(O17>0,O17/'Anexo L - IES'!$J$20,""),"") | R17: =IF(SUM('Anexo L - IES'!$J$17:$L$20)>0,IF(Q17>0,Q17/'Anexo L - IES'!$K$20,""),"") | T17: =IF(SUM('Anexo L - IES'!$J$17:$L$20)>0,IF(S17>0,S17/'Anexo L - IES'!$L$20,""),"")
D18: 2º Trimestre | F18: =IF(SUM('Anexo L - IES'!$J$17:$L$20)>0,IF(E18>0,E18/'Anexo L - IES'!$J$18,""),"") | H18: =IF(SUM('Anexo L - IES'!$J$17:$L$20)>0,IF(G18>0,G18/'Anexo L - IES'!$K$18,""),"") | J18: =IF(SUM('Anexo L - IES'!$J$17:$L$20)>0,IF(I18>0,I18/'Anexo L - IES'!$L$18,""),"") | N18: Novembro | P18: =IF(SUM('Anexo L - IES'!$J$17:$L$20)>0,IF(O18>0,O18/'Anexo L - IES'!$J$20,""),"") | R18: =IF(SUM('Anexo L - IES'!$J$17:$L$20)>0,IF(Q18>0,Q18/'Anexo L - IES'!$K$20,""),"") | T18: =IF(SUM('Anexo L - IES'!$J$17:$L$20)>0,IF(S18>0,S18/'Anexo L - IES'!$L$20,""),"")
D19: 3º Trimestre | F19: =IF(SUM('Anexo L - IES'!$J$17:$L$20)>0,IF(E19>0,E19/'Anexo L - IES'!$J$19,""),"") | H19: =IF(SUM('Anexo L - IES'!$J$17:$L$20)>0,IF(G19>0,G19/'Anexo L - IES'!$K$19,""),"") | J19: =IF(SUM('Anexo L - IES'!$J$17:$L$20)>0,IF(I19>0,I19/'Anexo L - IES'!$L$19,""),"") | N19: Dezembro | P19: =IF(SUM('Anexo L - IES'!$J$17:$L$20)>0,IF(O19>0,O19/'Anexo L - IES'!$J$20,""),"") | R19: =IF(SUM('Anexo L - IES'!$J$17:$L$20)>0,IF(Q19>0,Q19/'Anexo L - IES'!$K$20,""),"") | T19: =IF(SUM('Anexo L - IES'!$J$17:$L$20)>0,IF(S19>0,S19/'Anexo L - IES'!$L$20,""),"")
D20: 4º Trimestre | F20: =IF(SUM('Anexo L - IES'!$J$17:$L$20)>0,IF(E20>0,E20/'Anexo L - IES'!$J$20,""),"") | H20: =IF(SUM('Anexo L - IES'!$J$17:$L$20)>0,IF(G20>0,G20/'Anexo L - IES'!$K$20,""),"") | J20: =IF(SUM('Anexo L - IES'!$J$17:$L$20)>0,IF(I20>0,I20/'Anexo L - IES'!$L$20,""),"") | M20: TOTAIS | O20: =IF(SUM(O8:O19)>0,SUM(O8:O19),"") | P20: =IF(SUM(P8:P19)>0,SUM(P8:P19),"") | Q20: =IF(SUM(Q8:Q19)>0,SUM(Q8:Q19),"") | R20: =IF(SUM(R8:R19)>0,SUM(R8:R19),"") | S20: =IF(SUM(S8:S19)>0,SUM(S8:S19),"") | T20: =IF(SUM(T8:T19)>0,SUM(T8:T19),"")
B21: TOTAIS | E21: =IF(SUM(E17:E20)>0,SUM(E17:E20),"") | F21: =IF(SUM(F17:F20)>0,SUM(F17:F20),"") | G21: =IF(SUM(G17:G20)>0,SUM(G17:G20),"") | H21: =IF(SUM(H17:H20)>0,SUM(H17:H20),"") | I21: =IF(SUM(I17:I20)>0,SUM(I17:I20),"") | J21: =IF(SUM(J17:J20)>0,SUM(J17:J20),"")
B24: OUTROS BENS E SERVIÇOS - Dados para o Quadro 4 e 6 do Anexo L - IVA TRIMESTRAL | M24: IMOBILIZADO - Dados para o Quadro 4 e 6 do Anexo L - IVA MENSAL
E25: Taxa Reduzida | F25: BASE | G25: Taxa Intermédia | H25: BASE | I25: Taxa Normal | J25: BASE | O25: Taxa Reduzida | P25: BASE | Q25: Taxa Intermédia | R25: BASE | S25: Taxa Normal | T25: BASE
B26: Valores do extracto de contrabilidade referentes às subcontas da 24323... - IVA Dedutivel OBS | D26: 1º Trimestre | F26: =IF(SUM('Anexo L - IES'!$J$17:$L$20)>0,IF(E26>0,E26/'Anexo L - IES'!$J$17,""),"") | H26: =IF(SUM('Anexo L - IES'!$J$17:$L$20)>0,IF(G26>0,G26/'Anexo L - IES'!$K$17,""),"") | J26: =IF(SUM('Anexo L - IES'!$J$17:$L$20)>0,IF(I26>0,I26/'Anexo L - IES'!$L$17,""),"") | M26: Valores do extracto de contrabilidade referentes às subcontas da 24322... - IVA Dedutivel Imobilizado | N26: Janeiro | P26: =IF(SUM('Anexo L - IES'!$J$17:$L$20)>0,IF(O26>0,O26/'Anexo L - IES'!$J$17,""),"") | R26: =IF(SUM('Anexo L - IES'!$J$17:$L$20)>0,IF(Q26>0,Q26/'Anexo L - IES'!$K$17,""),"") | T26: =IF(SUM('Anexo L - IES'!$J$17:$L$20)>0,IF(S26>0,S26/'Anexo L - IES'!$L$17,""),"")
D27: 2º Trimestre | F27: =IF(SUM('Anexo L - IES'!$J$17:$L$20)>0,IF(E27>0,E27/'Anexo L - IES'!$J$18,""),"") | H27: =IF(SUM('Anexo L - IES'!$J$17:$L$20)>0,IF(G27>0,G27/'Anexo L - IES'!$K$18,""),"") | J27: =IF(SUM('Anexo L - IES'!$J$17:$L$20)>0,IF(I27>0,I27/'Anexo L - IES'!$L$18,""),"") | N27: Fevereiro | P27: =IF(SUM('Anexo L - IES'!$J$17:$L$20)>0,IF(O27>0,O27/'Anexo L - IES'!$J$17,""),"") | R27: =IF(SUM('Anexo L - IES'!$J$17:$L$20)>0,IF(Q27>0,Q27/'Anexo L - IES'!$K$17,""),"") | T27: =IF(SUM('Anexo L - IES'!$J$17:$L$20)>0,IF(S27>0,S27/'Anexo L - IES'!$L$17,""),"")
D28: 3º Trimestre | F28: =IF(SUM('Anexo L - IES'!$J$17:$L$20)>0,IF(E28>0,E28/'Anexo L - IES'!$J$19,""),"") | H28: =IF(SUM('Anexo L - IES'!$J$17:$L$20)>0,IF(G28>0,G28/'Anexo L - IES'!$K$19,""),"") | J28: =IF(SUM('Anexo L - IES'!$J$17:$L$20)>0,IF(I28>0,I28/'Anexo L - IES'!$L$19,""),"") | N28: Março | P28: =IF(SUM('Anexo L - IES'!$J$17:$L$20)>0,IF(O28>0,O28/'Anexo L - IES'!$J$17,""),"") | R28: =IF(SUM('Anexo L - IES'!$J$17:$L$20)>0,IF(Q28>0,Q28/'Anexo L - IES'!$K$17,""),"") | T28: =IF(SUM('Anexo L - IES'!$J$17:$L$20)>0,IF(S28>0,S28/'Anexo L - IES'!$L$17,""),"")
D29: 4º Trimestre | F29: =IF(SUM('Anexo L - IES'!$J$17:$L$20)>0,IF(E29>0,E29/'Anexo L - IES'!$J$20,""),"") | H29: =IF(SUM('Anexo L - IES'!$J$17:$L$20)>0,IF(G29>0,G29/'Anexo L - IES'!$K$20,""),"") | J29: =IF(SUM('Anexo L - IES'!$J$17:$L$20)>0,IF(I29>0,I29/'Anexo L - IES'!$L$20,""),"") | N29: Abril | P29: =IF(SUM('Anexo L - IES'!$J$17:$L$20)>0,IF(O29>0,O29/'Anexo L - IES'!$J$18,""),"") | R29: =IF(SUM('Anexo L - IES'!$J$17:$L$20)>0,IF(Q29>0,Q29/'Anexo L - IES'!$K$18,""),"") | T29: =IF(SUM('Anexo L - IES'!$J$17:$L$20)>0,IF(S29>0,S29/'Anexo L - IES'!$L$18,""),"")
B30: TOTAIS | E30: =IF(SUM(E26:E29)>0,SUM(E26:E29),"") | F30: =IF(SUM(F26:F29)>0,SUM(F26:F29),"") | G30: =IF(SUM(G26:G29)>0,SUM(G26:G29),"") | H30: =IF(SUM(H26:H29)>0,SUM(H26:H29),"") | I30: =IF(SUM(I26:I29)>0,SUM(I26:I29),"") | J30: =IF(SUM(J26:J29)>0,SUM(J26:J29),"") | N30: Maio | P30: =IF(SUM('Anexo L - IES'!$J$17:$L$20)>0,IF(O30>0,O30/'Anexo L - IES'!$J$18,""),"") | R30: =IF(SUM('Anexo L - IES'!$J$17:$L$20)>0,IF(Q30>0,Q30/'Anexo L - IES'!$K$18,""),"") | T30: =IF(SUM('Anexo L - IES'!$J$17:$L$20)>0,IF(S30>0,S30/'Anexo L - IES'!$L$18,""),"")
I31: Taxa Normal | J31: BASE | N31: Junho | P31: =IF(SUM('Anexo L - IES'!$J$17:$L$20)>0,IF(O31>0,O31/'Anexo L - IES'!$J$18,""),"") | R31: =IF(SUM('Anexo L - IES'!$J$17:$L$20)>0,IF(Q31>0,Q31/'Anexo L - IES'!$K$18,""),"") | T31: =IF(SUM('Anexo L - IES'!$J$17:$L$20)>0,IF(S31>0,S31/'Anexo L - IES'!$L$18,""),"")
F32: Valores do extracto de contrabilidade referentes às subcontas da 24323 - Dedução 50% Iva do Gasóleo | H32: 1º Trimestre | J32: =IF(SUM('Anexo L - IES'!$J$17:$L$20)>0,IF(I32>0,I32/('Anexo L - IES'!$L$17/2)+I32,""),"") | N32: Julho | P32: =IF(SUM('Anexo L - IES'!$J$17:$L$20)>0,IF(O32>0,O32/'Anexo L - IES'!$J$19,""),"") | R32: =IF(SUM('Anexo L - IES'!$J$17:$L$20)>0,IF(Q32>0,Q32/'Anexo L - IES'!$K$19,""),"") | T32: =IF(SUM('Anexo L - IES'!$J$17:$L$20)>0,IF(S32>0,S32/'Anexo L - IES'!$L$19,""),"")
H33: 2º Trimestre | J33: =IF(SUM('Anexo L - IES'!$J$17:$L$20)>0,IF(I33>0,I33/('Anexo L - IES'!$L$18/2)+I33,""),"") | N33: Agosto | P33: =IF(SUM('Anexo L - IES'!$J$17:$L$20)>0,IF(O33>0,O33/'Anexo L - IES'!$J$19,""),"") | R33: =IF(SUM('Anexo L - IES'!$J$17:$L$20)>0,IF(Q33>0,Q33/'Anexo L - IES'!$K$19,""),"") | T33: =IF(SUM('Anexo L - IES'!$J$17:$L$20)>0,IF(S33>0,S33/'Anexo L - IES'!$L$19,""),"")
H34: 3º Trimestre | J34: =IF(SUM('Anexo L - IES'!$J$17:$L$20)>0,IF(I34>0,I34/('Anexo L - IES'!$L$19/2)+I34,""),"") | N34: Setembro | P34: =IF(SUM('Anexo L - IES'!$J$17:$L$20)>0,IF(O34>0,O34/'Anexo L - IES'!$J$19,""),"") | R34: =IF(SUM('Anexo L - IES'!$J$17:$L$20)>0,IF(Q34>0,Q34/'Anexo L - IES'!$K$19,""),"") | T34: =IF(SUM('Anexo L - IES'!$J$17:$L$20)>0,IF(S34>0,S34/'Anexo L - IES'!$L$19,""),"")
H35: 4º Trimestre | J35: =IF(SUM('Anexo L - IES'!$J$17:$L$20)>0,IF(I35>0,I35/('Anexo L - IES'!$L$20/2)+I35,""),"") | N35: Outubro | P35: =IF(SUM('Anexo L - IES'!$J$17:$L$20)>0,IF(O35>0,O35/'Anexo L - IES'!$J$20,""),"") | R35: =IF(SUM('Anexo L - IES'!$J$17:$L$20)>0,IF(Q35>0,Q35/'Anexo L - IES'!$K$20,""),"") | T35: =IF(SUM('Anexo L - IES'!$J$17:$L$20)>0,IF(S35>0,S35/'Anexo L - IES'!$L$20,""),"")
F36: TOTAIS | I36: =IF(SUM(I32:I35)>0,SUM(I32:I35),"") | J36: =IF(SUM(J32:J35)>0,SUM(J32:J35),"") | N36: Novembro | P36: =IF(SUM('Anexo L - IES'!$J$17:$L$20)>0,IF(O36>0,O36/'Anexo L - IES'!$J$20,""),"") | R36: =IF(SUM('Anexo L - IES'!$J$17:$L$20)>0,IF(Q36>0,Q36/'Anexo L - IES'!$K$20,""),"") | T36: =IF(SUM('Anexo L - IES'!$J$17:$L$20)>0,IF(S36>0,S36/'Anexo L - IES'!$L$20,""),"")
N37: Dezembro | P37: =IF(SUM('Anexo L - IES'!$J$17:$L$20)>0,IF(O37>0,O37/'Anexo L - IES'!$J$20,""),"") | R37: =IF(SUM('Anexo L - IES'!$J$17:$L$20)>0,IF(Q37>0,Q37/'Anexo L - IES'!$K$20,""),"") | T37: =IF(SUM('Anexo L - IES'!$J$17:$L$20)>0,IF(S37>0,S37/'Anexo L - IES'!$L$20,""),"")
M38: TOTAIS | O38: =IF(SUM(O26:O37)>0,SUM(O26:O37),"") | P38: =IF(SUM(P26:P37)>0,SUM(P26:P37),"") | Q38: =IF(SUM(Q26:Q37)>0,SUM(Q26:Q37),"") | R38: =IF(SUM(R26:R37)>0,SUM(R26:R37),"") | S38: =IF(SUM(S26:S37)>0,SUM(S26:S37),"") | T38: =IF(SUM(T26:T37)>0,SUM(T26:T37),"")
B39: IVA DEVIDO NO ADQUIRENTE - IMOBILIZADO - Dados para o Quadro 4 e 6 do Anexo L - IVA TRIMESTRAL
E40: Taxa Reduzida | F40: BASE | G40: Taxa Intermédia | H40: BASE | I40: Taxa Normal | J40: BASE | M40: OUTROS BENS E SERVIÇOS - Dados para o Quadro 4 e 6 do Anexo L - IVA MENSAL
B41: Valores do extracto de contrabilidade referentes às subcontas da 24322... - IVA Dedutivel Devido no Adquirente | D41: 1º Trimestre | F41: =IF(SUM('Anexo L - IES'!$J$17:$L$20)>0,IF(E41>0,E41/'Anexo L - IES'!$J$17,""),"") | H41: =IF(SUM('Anexo L - IES'!$J$17:$L$20)>0,IF(G41>0,G41/'Anexo L - IES'!$K$17,""),"") | J41: =IF(SUM('Anexo L - IES'!$J$17:$L$20)>0,IF(I41>0,I41/'Anexo L - IES'!$L$17,""),"") | O41: Taxa Reduzida | P41: BASE | Q41: Taxa Intermédia | R41: BASE | S41: Taxa Normal | T41: BASE
D42: 2º Trimestre | F42: =IF(SUM('Anexo L - IES'!$J$17:$L$20)>0,IF(E42>0,E42/'Anexo L - IES'!$J$18,""),"") | H42: =IF(SUM('Anexo L - IES'!$J$17:$L$20)>0,IF(G42>0,G42/'Anexo L - IES'!$K$18,""),"") | J42: =IF(SUM('Anexo L - IES'!$J$17:$L$20)>0,IF(I42>0,I42/'Anexo L - IES'!$L$18,""),"") | M42: Valores do extracto de contrabilidade referentes às subcontas da 24323... - IVA Dedutivel OBS | N42: Janeiro | P42: =IF(SUM('Anexo L - IES'!$J$17:$L$20)>0,IF(O42>0,O42/'Anexo L - IES'!$J$17,""),"") | R42: =IF(SUM('Anexo L - IES'!$J$17:$L$20)>0,IF(Q42>0,Q42/'Anexo L - IES'!$K$17,""),"") | T42: =IF(SUM('Anexo L - IES'!$J$17:$L$20)>0,IF(S42>0,S42/'Anexo L - IES'!$L$17,""),"")
D43: 3º Trimestre | F43: =IF(SUM('Anexo L - IES'!$J$17:$L$20)>0,IF(E43>0,E43/'Anexo L - IES'!$J$19,""),"") | H43: =IF(SUM('Anexo L - IES'!$J$17:$L$20)>0,IF(G43>0,G43/'Anexo L - IES'!$K$19,""),"") | J43: =IF(SUM('Anexo L - IES'!$J$17:$L$20)>0,IF(I43>0,I43/'Anexo L - IES'!$L$19,""),"") | N43: Fevereiro | P43: =IF(SUM('Anexo L - IES'!$J$17:$L$20)>0,IF(O43>0,O43/'Anexo L - IES'!$J$17,""),"") | R43: =IF(SUM('Anexo L - IES'!$J$17:$L$20)>0,IF(Q43>0,Q43/'Anexo L - IES'!$K$17,""),"") | T43: =IF(SUM('Anexo L - IES'!$J$17:$L$20)>0,IF(S43>0,S43/'Anexo L - IES'!$L$17,""),"")
D44: 4º Trimestre | F44: =IF(SUM('Anexo L - IES'!$J$17:$L$20)>0,IF(E44>0,E44/'Anexo L - IES'!$J$20,""),"") | H44: =IF(SUM('Anexo L - IES'!$J$17:$L$20)>0,IF(G44>0,G44/'Anexo L - IES'!$K$20,""),"") | J44: =IF(SUM('Anexo L - IES'!$J$17:$L$20)>0,IF(I44>0,I44/'Anexo L - IES'!$L$20,""),"") | N44: Março | P44: =IF(SUM('Anexo L - IES'!$J$17:$L$20)>0,IF(O44>0,O44/'Anexo L - IES'!$J$17,""),"") | R44: =IF(SUM('Anexo L - IES'!$J$17:$L$20)>0,IF(Q44>0,Q44/'Anexo L - IES'!$K$17,""),"") | T44: =IF(SUM('Anexo L - IES'!$J$17:$L$20)>0,IF(S44>0,S44/'Anexo L - IES'!$L$17,""),"")
B45: TOTAIS | E45: =IF(SUM(E41:E44)>0,SUM(E41:E44),"") | F45: =IF(SUM(F41:F44)>0,SUM(F41:F44),"") | G45: =IF(SUM(G41:G44)>0,SUM(G41:G44),"") | H45: =IF(SUM(H41:H44)>0,SUM(H41:H44),"") | I45: =IF(SUM(I41:I44)>0,SUM(I41:I44),"") | J45: =IF(SUM(J41:J44)>0,SUM(J41:J44),"") | N45: Abril | P45: =IF(SUM('Anexo L - IES'!$J$17:$L$20)>0,IF(O45>0,O45/'Anexo L - IES'!$J$18,""),"") | R45: =IF(SUM('Anexo L - IES'!$J$17:$L$20)>0,IF(Q45>0,Q45/'Anexo L - IES'!$K$18,""),"") | T45: =IF(SUM('Anexo L - IES'!$J$17:$L$20)>0,IF(S45>0,S45/'Anexo L - IES'!$L$18,""),"")
N46: Maio | P46: =IF(SUM('Anexo L - IES'!$J$17:$L$20)>0,IF(O46>0,O46/'Anexo L - IES'!$J$18,""),"") | R46: =IF(SUM('Anexo L - IES'!$J$17:$L$20)>0,IF(Q46>0,Q46/'Anexo L - IES'!$K$18,""),"") | T46: =IF(SUM('Anexo L - IES'!$J$17:$L$20)>0,IF(S46>0,S46/'Anexo L - IES'!$L$18,""),"")
N47: Junho | P47: =IF(SUM('Anexo L - IES'!$J$17:$L$20)>0,IF(O47>0,O47/'Anexo L - IES'!$J$18,""),"") | R47: =IF(SUM('Anexo L - IES'!$J$17:$L$20)>0,IF(Q47>0,Q47/'Anexo L - IES'!$K$18,""),"") | T47: =IF(SUM('Anexo L - IES'!$J$17:$L$20)>0,IF(S47>0,S47/'Anexo L - IES'!$L$18,""),"")
B48: IVA DEVIDO NO ADQUIRENTE - OBS - Dados para o Quadro 4 e 6 do Anexo L - IVA TRIMESTRAL | N48: Julho | P48: =IF(SUM('Anexo L - IES'!$J$17:$L$20)>0,IF(O48>0,O48/'Anexo L - IES'!$J$19,""),"") | R48: =IF(SUM('Anexo L - IES'!$J$17:$L$20)>0,IF(Q48>0,Q48/'Anexo L - IES'!$K$19,""),"") | T48: =IF(SUM('Anexo L - IES'!$J$17:$L$20)>0,IF(S48>0,S48/'Anexo L - IES'!$L$19,""),"")
E49: Taxa Reduzida | F49: BASE | G49: Taxa Intermédia | H49: BASE | I49: Taxa Normal | J49: BASE | N49: Agosto | P49: =IF(SUM('Anexo L - IES'!$J$17:$L$20)>0,IF(O49>0,O49/'Anexo L - IES'!$J$19,""),"") | R49: =IF(SUM('Anexo L - IES'!$J$17:$L$20)>0,IF(Q49>0,Q49/'Anexo L - IES'!$K$19,""),"") | T49: =IF(SUM('Anexo L - IES'!$J$17:$L$20)>0,IF(S49>0,S49/'Anexo L - IES'!$L$19,""),"")
B50: Valores do extracto de contrabilidade referentes às subcontas da 24323... - IVA Dedutivel Devido no Adquirente | D50: 1º Trimestre | F50: =IF(SUM('Anexo L - IES'!$J$17:$L$20)>0,IF(E50>0,E50/'Anexo L - IES'!$J$17,""),"") | H50: =IF(SUM('Anexo L - IES'!$J$17:$L$20)>0,IF(G50>0,G50/'Anexo L - IES'!$K$17,""),"") | J50: =IF(SUM('Anexo L - IES'!$J$17:$L$20)>0,IF(I50>0,I50/'Anexo L - IES'!$L$17,""),"") | N50: Setembro | P50: =IF(SUM('Anexo L - IES'!$J$17:$L$20)>0,IF(O50>0,O50/'Anexo L - IES'!$J$19,""),"") | R50: =IF(SUM('Anexo L - IES'!$J$17:$L$20)>0,IF(Q50>0,Q50/'Anexo L - IES'!$K$19,""),"") | T50: =IF(SUM('Anexo L - IES'!$J$17:$L$20)>0,IF(S50>0,S50/'Anexo L - IES'!$L$19,""),"")
D51: 2º Trimestre | F51: =IF(SUM('Anexo L - IES'!$J$17:$L$20)>0,IF(E51>0,E51/'Anexo L - IES'!$J$18,""),"") | H51: =IF(SUM('Anexo L - IES'!$J$17:$L$20)>0,IF(G51>0,G51/'Anexo L - IES'!$K$18,""),"") | J51: =IF(SUM('Anexo L - IES'!$J$17:$L$20)>0,IF(I51>0,I51/'Anexo L - IES'!$L$18,""),"") | N51: Outubro | P51: =IF(SUM('Anexo L - IES'!$J$17:$L$20)>0,IF(O51>0,O51/'Anexo L - IES'!$J$20,""),"") | R51: =IF(SUM('Anexo L - IES'!$J$17:$L$20)>0,IF(Q51>0,Q51/'Anexo L - IES'!$K$20,""),"") | T51: =IF(SUM('Anexo L - IES'!$J$17:$L$20)>0,IF(S51>0,S51/'Anexo L - IES'!$L$20,""),"")
D52: 3º Trimestre | F52: =IF(SUM('Anexo L - IES'!$J$17:$L$20)>0,IF(E52>0,E52/'Anexo L - IES'!$J$19,""),"") | H52: =IF(SUM('Anexo L - IES'!$J$17:$L$20)>0,IF(G52>0,G52/'Anexo L - IES'!$K$19,""),"") | J52: =IF(SUM('Anexo L - IES'!$J$17:$L$20)>0,IF(I52>0,I52/'Anexo L - IES'!$L$19,""),"") | N52: Novembro | P52: =IF(SUM('Anexo L - IES'!$J$17:$L$20)>0,IF(O52>0,O52/'Anexo L - IES'!$J$20,""),"") | R52: =IF(SUM('Anexo L - IES'!$J$17:$L$20)>0,IF(Q52>0,Q52/'Anexo L - IES'!$K$20,""),"") | T52: =IF(SUM('Anexo L - IES'!$J$17:$L$20)>0,IF(S52>0,S52/'Anexo L - IES'!$L$20,""),"")
D53: 4º Trimestre | F53: =IF(SUM('Anexo L - IES'!$J$17:$L$20)>0,IF(E53>0,E53/'Anexo L - IES'!$J$20,""),"") | H53: =IF(SUM('Anexo L - IES'!$J$17:$L$20)>0,IF(G53>0,G53/'Anexo L - IES'!$K$20,""),"") | J53: =IF(SUM('Anexo L - IES'!$J$17:$L$20)>0,IF(I53>0,I53/'Anexo L - IES'!$L$20,""),"") | N53: Dezembro | P53: =IF(SUM('Anexo L - IES'!$J$17:$L$20)>0,IF(O53>0,O53/'Anexo L - IES'!$J$20,""),"") | R53: =IF(SUM('Anexo L - IES'!$J$17:$L$20)>0,IF(Q53>0,Q53/'Anexo L - IES'!$K$20,""),"") | T53: =IF(SUM('Anexo L - IES'!$J$17:$L$20)>0,IF(S53>0,S53/'Anexo L - IES'!$L$20,""),"")
B54: TOTAIS | E54: =IF(SUM(E50:E53)>0,SUM(E50:E53),"") | F54: =IF(SUM(F50:F53)>0,SUM(F50:F53),"") | G54: =IF(SUM(G50:G53)>0,SUM(G50:G53),"") | H54: =IF(SUM(H50:H53)>0,SUM(H50:H53),"") | I54: =IF(SUM(I50:I53)>0,SUM(I50:I53),"") | J54: =IF(SUM(J50:J53)>0,SUM(J50:J53),"") | M54: TOTAIS | O54: =IF(SUM(O42:O53)>0,SUM(O42:O53),"") | P54: =IF(SUM(P42:P53)>0,SUM(P42:P53),"") | Q54: =IF(SUM(Q42:Q53)>0,SUM(Q42:Q53),"") | R54: =IF(SUM(R42:R53)>0,SUM(R42:R53),"") | S54: =IF(SUM(S42:S53)>0,SUM(S42:S53),"") | T54: =IF(SUM(T42:T53)>0,SUM(T42:T53),"")
S55: Taxa Normal | T55: BASE
P56: Valores do extracto de contrabilidade referentes às subcontas da 24323 - Dedução 50% Iva do Gasóleo | R56: Janeiro | T56: =IF(SUM('Anexo L - IES'!$J$17:$L$20)>0,IF(S56>0,S56/('Anexo L - IES'!$L$17/2)+S56,""),"")
R57: Fevereiro | T57: =IF(SUM('Anexo L - IES'!$J$17:$L$20)>0,IF(S57>0,S57/('Anexo L - IES'!$L$17/2)+S57,""),"")
R58: Março | T58: =IF(SUM('Anexo L - IES'!$J$17:$L$20)>0,IF(S58>0,S58/('Anexo L - IES'!$L$17/2)+S58,""),"")
R59: Abril | T59: =IF(SUM('Anexo L - IES'!$J$17:$L$20)>0,IF(S59>0,S59/('Anexo L - IES'!$L$18/2)+S59,""),"")
R60: Maio | T60: =IF(SUM('Anexo L - IES'!$J$17:$L$20)>0,IF(S60>0,S60/('Anexo L - IES'!$L$18/2)+S60,""),"")
R61: Junho | T61: =IF(SUM('Anexo L - IES'!$J$17:$L$20)>0,IF(S61>0,S61/('Anexo L - IES'!$L$18/2)+S61,""),"")
R62: Julho | T62: =IF(SUM('Anexo L - IES'!$J$17:$L$20)>0,IF(S62>0,S62/('Anexo L - IES'!$L$19/2)+S62,""),"")
R63: Agosto | T63: =IF(SUM('Anexo L - IES'!$J$17:$L$20)>0,IF(S63>0,S63/('Anexo L - IES'!$L$19/2)+S63,""),"")
R64: Setembro | T64: =IF(SUM('Anexo L - IES'!$J$17:$L$20)>0,IF(S64>0,S64/('Anexo L - IES'!$L$19/2)+S64,""),"")
R65: Outubro | T65: =IF(SUM('Anexo L - IES'!$J$17:$L$20)>0,IF(S65>0,S65/('Anexo L - IES'!$L$20/2)+S65,""),"")
R66: Novembro | T66: =IF(SUM('Anexo L - IES'!$J$17:$L$20)>0,IF(S66>0,S66/('Anexo L - IES'!$L$20/2)+S66,""),"")
R67: Dezembro | T67: =IF(SUM('Anexo L - IES'!$J$17:$L$20)>0,IF(S67>0,S67/('Anexo L - IES'!$L$20/2)+S67,""),"")
P68: TOTAIS | S68: =IF(SUM(S56:S67)>0,SUM(S56:S67),"") | T68: =IF(SUM(T56:T67)>0,SUM(T56:T67),"")

Sheet Anexo L - IES
B1: IES - Anexo L - IVA - Elementos Contabilisticos e Fiscais
B4: Nome da Empresa: | T4: 2009 | U4: Tabela do Continente
B5: Exercicio: | H5: Contribuinte: | S5: 2 | T5: 1º Trimestre | U5: 0.05 | V5: 0.12 | W5: 0.19
B6: Data Actual | D6: =NOW() -> 40688.782 | O6: 1 | Q6: 1 | S6: 2 | T6: 2º Trimestre | U6: 0.05 | V6: 0.12 | W6: 0.19
O7: 2 | P7: Continente | Q7: 2 | R7: 2009 | S7: 2 | T7: 3º Trimestre | U7: 0.05 | V7: 0.12 | W7: 0.2
H8: Localização | I8: =IF(SUM(P11)>1,VLOOKUP(P11,$O$7:$P$8,2,0),"") | K8: Ano | L8: =IF(SUM(P12)>1,VLOOKUP(P12,$Q$7:$R$9,2,0),"") | O8: 3 | P8: Ilhas | Q8: 3 | R8: 2010 | S8: 2 | T8: 4º Trimestre | U8: 0.05 | V8: 0.12 | W8: 0.2
B9: Colocar no quadro em frente o Tipo de Transmissões da Empresa referentes ao Quadro 03 - Operações Internas Activas: SÓ EXISTÊNCIAS = 1 ; SÓ OBS = 2 ; SÓ IMOBILIZADO = 3 ; EXISTÊNCIAS, OBS e IMOBILIZADO = 4 (Na opção 4, preencher Quadro Cálculos Auxiliares) | E9: Existências | H9: Tabela das 3 Taxas de IVA por Periodo | Q9: 4 | R9: 2011
E10: OBS | H10: 1º Trimestre | J10: =IF(SUM($P$11)>1,IF(SUM($P$11)=2,IF(SUM($P$12)=4,VLOOKUP(H10,$T$22:$W$25,2,0),IF(SUM($P$12)=2,VLOOKUP(H10,$T$5:$W$8,2,0),IF(SUM($P$12)=3,VLOOKUP(H10,$T$11:$W$14,2,0),""))),IF(SUM($P$12)=4,VLOOKUP(H10,$T$41:$W$44,2,0),IF(SUM($P$12)=2,VLOOKUP(H10,$T$29:$W$32,2,0),IF(SUM($P$12)=3,VLOOKUP(H10,$T$35:$W$38,2,0),"")))),"") | K10: =IF(SUM($P$11)>1,IF(SUM($P$11)=2,IF(SUM($P$12)=4,VLOOKUP(H10,$T$22:$W$25,3,0),IF(SUM($P$12)=2,VLOOKUP(H10,$T$5:$W$8,3,0),IF(SUM($P$12)=3,VLOOKUP(H10,$T$11:$W$14,3,0),""))),IF(SUM($P$12)=4,VLOOKUP(H10,$T$41:$W$44,3,0),IF(SUM($P$12)=2,VLOOKUP(H10,$T$29:$W$32,3,0),IF(SUM($P$12)=3,VLOOKUP(H10,$T$35:$W$38,3,0),"")))),"") | L10: =IF(SUM($P$11)>1,IF(SUM($P$11)=2,IF(SUM($P$12)=4,VLOOKUP(H10,$T$22:$W$25,4,0),IF(SUM($P$12)=2,VLOOKUP(H10,$T$5:$W$8,4,0),IF(SUM($P$12)=3,VLOOKUP(H10,$T$11:$W$14,4,0),""))),IF(SUM($P$12)=4,VLOOKUP(H10,$T$41:$W$44,4,0),IF(SUM($P$12)=2,VLOOKUP(H10,$T$29:$W$32,4,0),IF(SUM($P$12)=3,VLOOKUP(H10,$T$35:$W$38,4,0),"")))),"") | T10: 2010 | U10: Tabela do Continente
E11: Imobilizado | H11: 2º Trimestre | J11: =IF(SUM($P$11)>1,IF(SUM($P$11)=2,IF(SUM($P$12)=4,VLOOKUP(H11,$T$22:$W$25,2,0),IF(SUM($P$12)=2,VLOOKUP(H11,$T$5:$W$8,2,0),IF(SUM($P$12)=3,VLOOKUP(H11,$T$11:$W$14,2,0),""))),IF(SUM($P$12)=4,VLOOKUP(H11,$T$41:$W$44,2,0),IF(SUM($P$12)=2,VLOOKUP(H11,$T$29:$W$32,2,0),IF(SUM($P$12)=3,VLOOKUP(H11,$T$35:$W$38,2,0),"")))),"") | K11: =IF(SUM($P$11)>1,IF(SUM($P$11)=2,IF(SUM($P$12)=4,VLOOKUP(H11,$T$22:$W$25,3,0),IF(SUM($P$12)=2,VLOOKUP(H11,$T$5:$W$8,3,0),IF(SUM($P$12)=3,VLOOKUP(H11,$T$11:$W$14,3,0),""))),IF(SUM($P$12)=4,VLOOKUP(H11,$T$41:$W$44,3,0),IF(SUM($P$12)=2,VLOOKUP(H11,$T$29:$W$32,3,0),IF(SUM($P$12)=3,VLOOKUP(H11,$T$35:$W$38,3,0),"")))),"") | L11: =IF(SUM($P$11)>1,IF(SUM($P$11)=2,IF(SUM($P$12)=4,VLOOKUP(H11,$T$22:$W$25,4,0),IF(SUM($P$12)=2,VLOOKUP(H11,$T$5:$W$8,4,0),IF(SUM($P$12)=3,VLOOKUP(H11,$T$11:$W$14,4,0),""))),IF(SUM($P$12)=4,VLOOKUP(H11,$T$41:$W$44,4,0),IF(SUM($P$12)=2,VLOOKUP(H11,$T$29:$W$32,4,0),IF(SUM($P$12)=3,VLOOKUP(H11,$T$35:$W$38,4,0),"")))),"") | P11: 1 | S11: 3 | T11: 1º Trimestre | U11: 0.05 | V11: 0.12 | W11: 0.2
E12: 2 ou + | H12: 3º Trimestre | J12: =IF(SUM($P$11)>1,IF(SUM($P$11)=2,IF(SUM($P$12)=4,VLOOKUP(H12,$T$22:$W$25,2,0),IF(SUM($P$12)=2,VLOOKUP(H12,$T$5:$W$8,2,0),IF(SUM($P$12)=3,VLOOKUP(H12,$T$11:$W$14,2,0),""))),IF(SUM($P$12)=4,VLOOKUP(H12,$T$41:$W$44,2,0),IF(SUM($P$12)=2,VLOOKUP(H12,$T$29:$W$32,2,0),IF(SUM($P$12)=3,VLOOKUP(H12,$T$35:$W$38,2,0),"")))),"") | K12: =IF(SUM($P$11)>1,IF(SUM($P$11)=2,IF(SUM($P$12)=4,VLOOKUP(H12,$T$22:$W$25,3,0),IF(SUM($P$12)=2,VLOOKUP(H12,$T$5:$W$8,3,0),IF(SUM($P$12)=3,VLOOKUP(H12,$T$11:$W$14,3,0),""))),IF(SUM($P$12)=4,VLOOKUP(H12,$T$41:$W$44,3,0),IF(SUM($P$12)=2,VLOOKUP(H12,$T$29:$W$32,3,0),IF(SUM($P$12)=3,VLOOKUP(H12,$T$35:$W$38,3,0),"")))),"") | L12: =IF(SUM($P$11)>1,IF(SUM($P$11)=2,IF(SUM($P$12)=4,VLOOKUP(H12,$T$22:$W$25,4,0),IF(SUM($P$12)=2,VLOOKUP(H12,$T$5:$W$8,4,0),IF(SUM($P$12)=3,VLOOKUP(H12,$T$11:$W$14,4,0),""))),IF(SUM($P$12)=4,VLOOKUP(H12,$T$41:$W$44,4,0),IF(SUM($P$12)=2,VLOOKUP(H12,$T$29:$W$32,4,0),IF(SUM($P$12)=3,VLOOKUP(H12,$T$35:$W$38,4,0),"")))),"") | P12: 1 | S12: 3 | T12: 2º Trimestre | U12: 0.05 | V12: 0.12 | W12: 0.2
H13: 4º Trimestre | J13: =IF(SUM($P$11)>1,IF(SUM($P$11)=2,IF(SUM($P$12)=4,VLOOKUP(H13,$T$22:$W$25,2,0),IF(SUM($P$12)=2,VLOOKUP(H13,$T$5:$W$8,2,0),IF(SUM($P$12)=3,VLOOKUP(H13,$T$11:$W$14,2,0),""))),IF(SUM($P$12)=4,VLOOKUP(H13,$T$41:$W$44,2,0),IF(SUM($P$12)=2,VLOOKUP(H13,$T$29:$W$32,2,0),IF(SUM($P$12)=3,VLOOKUP(H13,$T$35:$W$38,2,0),"")))),"") | K13: =IF(SUM($P$11)>1,IF(SUM($P$11)=2,IF(SUM($P$12)=4,VLOOKUP(H13,$T$22:$W$25,3,0),IF(SUM($P$12)=2,VLOOKUP(H13,$T$5:$W$8,3,0),IF(SUM($P$12)=3,VLOOKUP(H13,$T$11:$W$14,3,0),""))),IF(SUM($P$12)=4,VLOOKUP(H13,$T$41:$W$44,3,0),IF(SUM($P$12)=2,VLOOKUP(H13,$T$29:$W$32,3,0),IF(SUM($P$12)=3,VLOOKUP(H13,$T$35:$W$38,3,0),"")))),"") | L13: =IF(SUM($P$11)>1,IF(SUM($P$11)=2,IF(SUM($P$12)=4,VLOOKUP(H13,$T$22:$W$25,4,0),IF(SUM($P$12)=2,VLOOKUP(H13,$T$5:$W$8,4,0),IF(SUM($P$12)=3,VLOOKUP(H13,$T$11:$W$14,4,0),""))),IF(SUM($P$12)=4,VLOOKUP(H13,$T$41:$W$44,4,0),IF(SUM($P$12)=2,VLOOKUP(H13,$T$29:$W$32,4,0),IF(SUM($P$12)=3,VLOOKUP(H13,$T$35:$W$38,4,0),"")))),"") | S13: 3 | T13: 3º Trimestre | U13: 0.06 | V13: 0.13 | W13: 0.21
B14: Nota Importante: Preencher apenas o Cabeçalho, o Quadro acima e os 2 Quadros do lado direito. No quadro acima, preencha apenas o tipo de operação. No 1º quadro da direita de cima para baixo, escolha qual a localização das operações e o Ano das mesmas, sendo que basta preencher este quadro, se realizar operações só no Continente ou só nas Ilhas. Se realizar operações em ambos os locais, deve optar por escolher a localização "Continente" nesse quadro, e "Ilhas" no 2º quadro abaixo desse. Os quadros 03 a 07 do Anexo são preenchidos automaticamente através das Declarações de IVA e Cálculos Auxiliares. | S14: 3 | T14: 4º Trimestre | U14: 0.06 | V14: 0.13 | W14: 0.21
H15: Localização | I15: =IF(SUM(P17)>1,VLOOKUP(P17,$O$7:$P$8,2,0),"") | K15: Ano | L15: =IF(SUM(P18)>1,VLOOKUP(P18,$Q$7:$R$9,2,0),"")
H16: Tabela das 3 Taxas de IVA por Periodo
H17: 1º Trimestre | J17: =IF(SUM($P$17)>1,IF(SUM($P$17)=2,IF(SUM($P$18)=4,VLOOKUP(H17,$T$22:$W$25,2,0),IF(SUM($P$18)=2,VLOOKUP(H17,$T$5:$W$8,2,0),IF(SUM($P$18)=3,VLOOKUP(H17,$T$11:$W$14,2,0),""))),IF(SUM($P$18)=4,VLOOKUP(H17,$T$41:$W$44,2,0),IF(SUM($P$18)=2,VLOOKUP(H17,$T$29:$W$32,2,0),IF(SUM($P$18)=3,VLOOKUP(H17,$T$35:$W$38,2,0),"")))),"") | K17: =IF(SUM($P$17)>1,IF(SUM($P$17)=2,IF(SUM($P$18)=4,VLOOKUP(H17,$T$22:$W$25,3,0),IF(SUM($P$18)=2,VLOOKUP(H17,$T$5:$W$8,3,0),IF(SUM($P$18)=3,VLOOKUP(H17,$T$11:$W$14,3,0),""))),IF(SUM($P$18)=4,VLOOKUP(H17,$T$41:$W$44,3,0),IF(SUM($P$18)=2,VLOOKUP(H17,$T$29:$W$32,3,0),IF(SUM($P$18)=3,VLOOKUP(H17,$T$35:$W$38,3,0),"")))),"") | L17: =IF(SUM($P$17)>1,IF(SUM($P$17)=2,IF(SUM($P$18)=4,VLOOKUP(H17,$T$22:$W$25,4,0),IF(SUM($P$18)=2,VLOOKUP(H17,$T$5:$W$8,4,0),IF(SUM($P$18)=3,VLOOKUP(H17,$T$11:$W$14,4,0),""))),IF(SUM($P$18)=4,VLOOKUP(H17,$T$41:$W$44,4,0),IF(SUM($P$18)=2,VLOOKUP(H17,$T$29:$W$32,4,0),IF(SUM($P$18)=3,VLOOKUP(H17,$T$35:$W$38,4,0),"")))),"") | P17: 1
H18: 2º Trimestre | J18: =IF(SUM($P$17)>1,IF(SUM($P$17)=2,IF(SUM($P$18)=4,VLOOKUP(H18,$T$22:$W$25,2,0),IF(SUM($P$18)=2,VLOOKUP(H18,$T$5:$W$8,2,0),IF(SUM($P$18)=3,VLOOKUP(H18,$T$11:$W$14,2,0),""))),IF(SUM($P$18)=4,VLOOKUP(H18,$T$41:$W$44,2,0),IF(SUM($P$18)=2,VLOOKUP(H18,$T$29:$W$32,2,0),IF(SUM($P$18)=3,VLOOKUP(H18,$T$35:$W$38,2,0),"")))),"") | K18: =IF(SUM($P$17)>1,IF(SUM($P$17)=2,IF(SUM($P$18)=4,VLOOKUP(H18,$T$22:$W$25,3,0),IF(SUM($P$18)=2,VLOOKUP(H18,$T$5:$W$8,3,0),IF(SUM($P$18)=3,VLOOKUP(H18,$T$11:$W$14,3,0),""))),IF(SUM($P$18)=4,VLOOKUP(H18,$T$41:$W$44,3,0),IF(SUM($P$18)=2,VLOOKUP(H18,$T$29:$W$32,3,0),IF(SUM($P$18)=3,VLOOKUP(H18,$T$35:$W$38,3,0),"")))),"") | L18: =IF(SUM($P$17)>1,IF(SUM($P$17)=2,IF(SUM($P$18)=4,VLOOKUP(H18,$T$22:$W$25,4,0),IF(SUM($P$18)=2,VLOOKUP(H18,$T$5:$W$8,4,0),IF(SUM($P$18)=3,VLOOKUP(H18,$T$11:$W$14,4,0),""))),IF(SUM($P$18)=4,VLOOKUP(H18,$T$41:$W$44,4,0),IF(SUM($P$18)=2,VLOOKUP(H18,$T$29:$W$32,4,0),IF(SUM($P$18)=3,VLOOKUP(H18,$T$35:$W$38,4,0),"")))),"") | P18: 1
H19: 3º Trimestre | J19: =IF(SUM($P$17)>1,IF(SUM($P$17)=2,IF(SUM($P$18)=4,VLOOKUP(H19,$T$22:$W$25,2,0),IF(SUM($P$18)=2,VLOOKUP(H19,$T$5:$W$8,2,0),IF(SUM($P$18)=3,VLOOKUP(H19,$T$11:$W$14,2,0),""))),IF(SUM($P$18)=4,VLOOKUP(H19,$T$41:$W$44,2,0),IF(SUM($P$18)=2,VLOOKUP(H19,$T$29:$W$32,2,0),IF(SUM($P$18)=3,VLOOKUP(H19,$T$35:$W$38,2,0),"")))),"") | K19: =IF(SUM($P$17)>1,IF(SUM($P$17)=2,IF(SUM($P$18)=4,VLOOKUP(H19,$T$22:$W$25,3,0),IF(SUM($P$18)=2,VLOOKUP(H19,$T$5:$W$8,3,0),IF(SUM($P$18)=3,VLOOKUP(H19,$T$11:$W$14,3,0),""))),IF(SUM($P$18)=4,VLOOKUP(H19,$T$41:$W$44,3,0),IF(SUM($P$18)=2,VLOOKUP(H19,$T$29:$W$32,3,0),IF(SUM($P$18)=3,VLOOKUP(H19,$T$35:$W$38,3,0),"")))),"") | L19: =IF(SUM($P$17)>1,IF(SUM($P$17)=2,IF(SUM($P$18)=4,VLOOKUP(H19,$T$22:$W$25,4,0),IF(SUM($P$18)=2,VLOOKUP(H19,$T$5:$W$8,4,0),IF(SUM($P$18)=3,VLOOKUP(H19,$T$11:$W$14,4,0),""))),IF(SUM($P$18)=4,VLOOKUP(H19,$T$41:$W$44,4,0),IF(SUM($P$18)=2,VLOOKUP(H19,$T$29:$W$32,4,0),IF(SUM($P$18)=3,VLOOKUP(H19,$T$35:$W$38,4,0),"")))),"")
H20: 4º Trimestre | J20: =IF(SUM($P$17)>1,IF(SUM($P$17)=2,IF(SUM($P$18)=4,VLOOKUP(H20,$T$22:$W$25,2,0),IF(SUM($P$18)=2,VLOOKUP(H20,$T$5:$W$8,2,0),IF(SUM($P$18)=3,VLOOKUP(H20,$T$11:$W$14,2,0),""))),IF(SUM($P$18)=4,VLOOKUP(H20,$T$41:$W$44,2,0),IF(SUM($P$18)=2,VLOOKUP(H20,$T$29:$W$32,2,0),IF(SUM($P$18)=3,VLOOKUP(H20,$T$35:$W$38,2,0),"")))),"") | K20: =IF(SUM($P$17)>1,IF(SUM($P$17)=2,IF(SUM($P$18)=4,VLOOKUP(H20,$T$22:$W$25,3,0),IF(SUM($P$18)=2,VLOOKUP(H20,$T$5:$W$8,3,0),IF(SUM($P$18)=3,VLOOKUP(H20,$T$11:$W$14,3,0),""))),IF(SUM($P$18)=4,VLOOKUP(H20,$T$41:$W$44,3,0),IF(SUM($P$18)=2,VLOOKUP(H20,$T$29:$W$32,3,0),IF(SUM($P$18)=3,VLOOKUP(H20,$T$35:$W$38,3,0),"")))),"") | L20: =IF(SUM($P$17)>1,IF(SUM($P$17)=2,IF(SUM($P$18)=4,VLOOKUP(H20,$T$22:$W$25,4,0),IF(SUM($P$18)=2,VLOOKUP(H20,$T$5:$W$8,4,0),IF(SUM($P$18)=3,VLOOKUP(H20,$T$11:$W$14,4,0),""))),IF(SUM($P$18)=4,VLOOKUP(H20,$T$41:$W$44,4,0),IF(SUM($P$18)=2,VLOOKUP(H20,$T$29:$W$32,4,0),IF(SUM($P$18)=3,VLOOKUP(H20,$T$35:$W$38,4,0),"")))),"")
T21: 2011 | U21: Tabela do Continente
B22: Quadro 03 - Operações Internas Activas | S22: 4 | T22: 1º Trimestre | U22: 0.06 | V22: 0.13 | W22: 0.23
G23: EXISTÊNCIAS | I23: OUTROS BENS SERV. | K23: IMOBILIZADO | S23: 4 | T23: 2º Trimestre | U23: 0.06 | V23: 0.13 | W23: 0.23
B24: Transmissões de Bens e Prestações de Serviços | C24: Taxa Reduzida | G24: L01 | H24: =IF(SUM($F$9,$F$12)>0,IF($F$9=1,SUM('Declarações IVA - Trimestral'!G10)+SUM('Declarações IVA - Trimestral'!N10)+SUM('Declarações IVA - Mensal'!O48)+SUM('Declarações IVA - Mensal'!O9),SUM('Cálculos Auxiliares'!E86:F86)-SUM('Cálculos Auxiliares'!Q101)),"") | I24: L07 | J24: =IF(SUM($F$10,$F$12)>0,IF($F$10=2,SUM('Declarações IVA - Trimestral'!G10)+SUM('Declarações IVA - Trimestral'!N10)+SUM('Declarações IVA - Mensal'!O48)-SUM('Cálculos Auxiliares'!Q101)+SUM('Declarações IVA - Mensal'!O9),SUM('Cálculos Auxiliares'!G86:H86)),"") | K24: L14 | L24: =IF(SUM($F$11,$F$12)>0,IF($F$11=3,SUM('Declarações IVA - Trimestral'!G10)+SUM('Declarações IVA - Trimestral'!N10)+SUM('Declarações IVA - Mensal'!O48)-SUM('Cálculos Auxiliares'!F101)+SUM('Declarações IVA - Mensal'!O9),SUM('Cálculos Auxiliares'!I86:J86)),"") | S24: 4 | T24: 3º Trimestre | U24: 0.06 | V24: 0.13 | W24: 0.23
C25: Taxa Intermédia | G25: L02 | H25: =IF(SUM($F$9,$F$12)>0,IF($F$9=1,SUM('Declarações IVA - Trimestral'!G14)+SUM('Declarações IVA - Trimestral'!N14)+SUM('Declarações IVA - Mensal'!O52)+SUM('Declarações IVA - Mensal'!O13),SUM('Cálculos Auxiliares'!E87:F87)-SUM('Cálculos Auxiliares'!S101)),"") | I25: L08 | J25: =IF(SUM($F$10,$F$12)>0,IF($F$10=2,SUM('Declarações IVA - Trimestral'!G14)+SUM('Declarações IVA - Trimestral'!N14)+SUM('Declarações IVA - Mensal'!O52)-SUM('Cálculos Auxiliares'!S101)+SUM('Declarações IVA - Mensal'!O13),SUM('Cálculos Auxiliares'!G87:H87)),"") | K25: L15 | L25: =IF(SUM($F$11,$F$12)>0,IF($F$11=3,SUM('Declarações IVA - Trimestral'!G14)+SUM('Declarações IVA - Trimestral'!N14)+SUM('Declarações IVA - Mensal'!O52)-SUM('Cálculos Auxiliares'!H101)+SUM('Declarações IVA - Mensal'!O13),SUM('Cálculos Auxiliares'!I87:J87)),"") | S25: 4 | T25: 4º Trimestre | U25: 0.06 | V25: 0.13 | W25: 0.23
C26: Taxa Normal | G26: L03 | H26: =IF(SUM($F$9,$F$12)>0,IF($F$9=1,SUM('Declarações IVA - Trimestral'!G12)+SUM('Declarações IVA - Trimestral'!N12)+SUM('Declarações IVA - Mensal'!O50)-SUM('Cálculos Auxiliares'!U101)+SUM('Declarações IVA - Mensal'!O11),SUM('Cálculos Auxiliares'!E88:F88)),"") | I26: L09 | J26: =IF(SUM($F$10,$F$12)>0,IF($F$10=2,SUM('Declarações IVA - Trimestral'!G12)+SUM('Declarações IVA - Trimestral'!N12)+SUM('Declarações IVA - Mensal'!O50)-SUM('Cálculos Auxiliares'!U101)+SUM('Declarações IVA - Mensal'!O11),SUM('Cálculos Auxiliares'!G88:H88)),"") | K26: L16 | L26: =IF(SUM($F$11,$F$12)>0,IF($F$11=3,SUM('Declarações IVA - Trimestral'!G12)+SUM('Declarações IVA - Trimestral'!N12)+SUM('Declarações IVA - Mensal'!O50)-SUM('Cálculos Auxiliares'!J101)+SUM('Declarações IVA - Mensal'!O11),SUM('Cálculos Auxiliares'!I88:J88)),"")
C27: Isentas ou não sujeitas c/ direito à dedução (alinea b) nº 1 art. 20 do CIVA) | G27: L04 | H27: =IF(SUM($F$9,$F$12)>0,IF($F$9=1,SUM('Declarações IVA - Trimestral'!G16)+SUM('Declarações IVA - Trimestral'!N16)+SUM('Declarações IVA - Mensal'!O54)+SUM('Declarações IVA - Mensal'!O15),SUM('Cálculos Auxiliares'!E89:F89)),"") | I27: L10 | J27: =IF(SUM($F$10,$F$12)>0,IF($F$10=2,SUM('Declarações IVA - Trimestral'!G16)+SUM('Declarações IVA - Trimestral'!N16)+SUM('Declarações IVA - Mensal'!O54)+SUM('Declarações IVA - Mensal'!O15),SUM('Cálculos Auxiliares'!G89:H89)),"")
C28: Isentas sem direito à dedução | G28: L05 | H28: =IF(SUM($F$9,$F$12)>0,IF($F$9=1,SUM('Declarações IVA - Trimestral'!G19)+SUM('Declarações IVA - Trimestral'!N19)+SUM('Declarações IVA - Mensal'!O57)+SUM('Declarações IVA - Mensal'!O18),SUM('Cálculos Auxiliares'!E90:F90)),"") | I28: L11 | J28: =IF(SUM($F$10,$F$12)>0,IF($F$10=2,SUM('Declarações IVA - Trimestral'!G19)+SUM('Declarações IVA - Trimestral'!N19)+SUM('Declarações IVA - Mensal'!O57)+SUM('Declarações IVA - Mensal'!O18),SUM('Cálculos Auxiliares'!G90:H90)),"") | T28: 2009 | U28: Tabela das Ilhas
C29: Inversão do Sujeito Passivo em bens e serviços no sector dos desperdicios, residuos e sucatas recicláveis | G29: L64 | H29: =IF(SUM($F$9,$F$12)>0,IF($F$9=1,SUM('Declarações IVA - Trimestral'!G18)+SUM('Declarações IVA - Trimestral'!N18)+SUM('Declarações IVA - Mensal'!O56)+SUM('Declarações IVA - Mensal'!O17),SUM('Cálculos Auxiliares'!E91:F91)),"") | I29: L66 | J29: =IF(SUM($F$10,$F$12)>0,IF($F$10=2,SUM('Declarações IVA - Trimestral'!G18)+SUM('Declarações IVA - Trimestral'!N18)+SUM('Declarações IVA - Mensal'!O56)+SUM('Declarações IVA - Mensal'!O17),SUM('Cálculos Auxiliares'!G91:H91)),"") | K29: L68 | L29: =IF(SUM($F$11,$F$12)>0,IF($F$11=3,SUM('Declarações IVA - Trimestral'!G18)+SUM('Declarações IVA - Trimestral'!N18)+SUM('Declarações IVA - Mensal'!O56)+SUM('Declarações IVA - Mensal'!O17),SUM('Cálculos Auxiliares'!I91:J91)),"") | S29: 2 | T29: 1º Trimestre | U29: 0.04 | V29: 0.08 | W29: 0.13
C30: Inversão do Sujeito Passivo em Serv. de Construção Civil | I30: L67 | J30: =IF(SUM($F$10,$F$12)>0,IF($F$10=2,SUM('Declarações IVA - Trimestral'!G17)+SUM('Declarações IVA - Trimestral'!N17)+SUM('Declarações IVA - Mensal'!O55)+SUM('Declarações IVA - Mensal'!O16),SUM('Cálculos Auxiliares'!G92:H92)),"") | S30: 2 | T30: 2º Trimestre | U30: 0.04 | V30: 0.08 | W30: 0.13
B31: Serviços de Transportes Intracomunitários de Bens - Art. 6 do CIVA | I31: L12 | J31: =IF('Cálculos Auxiliares'!J60>0,'Cálculos Auxiliares'!J60,"") | S31: 2 | T31: 3º Trimestre | U31: 0.04 | V31: 0.08 | W31: 0.14
B32: Transmissões Viaturas de Turismo isentas - nº 33 do art. 9º do CIVA | K32: L17 | L32: =IF(SUM('Cálculos Auxiliares'!J63:J64)>0,SUM('Cálculos Auxiliares'!J63:J64),"") | S32: 2 | T32: 4º Trimestre | U32: 0.04 | V32: 0.08 | W32: 0.14
B33: Transmissões Isentas - nº 31 do art. 9º do CIVA (Imóveis) | G33: L65 | H33: =IF('Cálculos Auxiliares'!J62>0,'Cálculos Auxiliares'!J62,"") | K33: L18 | L33: =IF('Cálculos Auxiliares'!J61>0,'Cálculos Auxiliares'!J61,"")
B34: TOTAIS | G34: L06 | H34: =IF(SUM(H24:H29,H33)>0,SUM(H24:H29,H33),"") | I34: L13 | J34: =IF(SUM(J24:J31)>0,SUM(J24:J31),"") | K34: L19 | L34: =IF(SUM(L24:L26,L29,L32:L33)>0,SUM(L24:L26,L29,L32:L33),"") | T34: 2010 | U34: Tabela do Continente
S35: 3 | T35: 1º Trimestre | U35: 0.04 | V35: 0.08 | W35: 0.14
S36: 3 | T36: 2º Trimestre | U36: 0.04 | V36: 0.08 | W36: 0.14
S37: 3 | T37: 3º Trimestre | U37: 0.04 | V37: 0.09 | W37: 0.15
S38: 3 | T38: 4º Trimestre | U38: 0.04 | V38: 0.09 | W38: 0.15
B39: Quadro 04 - Operações Internas Passivas
G40: EXISTÊNCIAS | I40: OUTROS BENS SERV. | K40: IMOBILIZADO | T40: 2011 | U40: Tabela do Continente
B41: Aquisições de Bens e Serviços efectuadas pelo Sujeito Passivo | C41: Imposto é Total ou Parcialmente Dedutivel - Viaturas Turismo | G41: L20 | H41: =IF(SUM('Cálculos Auxiliares'!P87:Q89)>0,SUM('Cálculos Auxiliares'!P87:Q89),"") | I41: L24 | J41: =IF(SUM('Cálculos Auxiliares'!R87:S89)>0,SUM('Cálculos Auxiliares'!R87:S89),"") | K41: L32 | L41: =IF(SUM('Cálculos Auxiliares'!T87:U89)>0,SUM('Cálculos Auxiliares'!T87:U89),"") | S41: 4 | T41: 1º Trimestre | U41: 0.04 | V41: 0.09 | W41: 0.16
C42: Imposto é Total ou Parcialmente Dedutivel - Outros | G42: L69 | H42: =IF(SUM('Cálculos Auxiliares'!F12)+SUM('Cálculos Auxiliares'!H12)+SUM('Cálculos Auxiliares'!J12)+SUM('Cálculos Auxiliares'!P20)+SUM('Cálculos Auxiliares'!R20)+SUM('Cálculos Auxiliares'!T20)+SUM('CA - Anexo R'!F12,'CA - Anexo R'!H12,'CA - Anexo R'!J12)+SUM('CA - Anexo R'!P20,'CA - Anexo R'!R20,'CA - Anexo R'!T20)>0,SUM('Cálculos Auxiliares'!F12)+SUM('Cálculos Auxiliares'!H12)+SUM('Cálculos Auxiliares'!J12)+SUM('Cálculos Auxiliares'!P20)+SUM('Cálculos Auxiliares'!R20)+SUM('Cálculos Auxiliares'!T20)+SUM('CA - Anexo R'!F12,'CA - Anexo R'!H12,'CA - Anexo R'!J12)+SUM('CA - Anexo R'!P20,'CA - Anexo R'!R20,'CA - Anexo R'!T20),"") | I42: L73 | J42: =IF(SUM('Cálculos Auxiliares'!F30)+SUM('Cálculos Auxiliares'!H30)+SUM('Cálculos Auxiliares'!J30)+SUM('Cálculos Auxiliares'!P55)+SUM('Cálculos Auxiliares'!R55)+SUM('Cálculos Auxiliares'!T55)+SUM('CA - Anexo R'!F30,'CA - Anexo R'!H30,'CA - Anexo R'!J30)+SUM('CA - Anexo R'!P54,'CA - Anexo R'!R54,'CA - Anexo R'!T54)>0,SUM('Cálculos Auxiliares'!F30)+SUM('Cálculos Auxiliares'!H30)+SUM('Cálculos Auxiliares'!J30)+SUM('Cálculos Auxiliares'!P55)+SUM('Cálculos Auxiliares'!R55)+SUM('Cálculos Auxiliares'!T55)+SUM('CA - Anexo R'!P54,'CA - Anexo R'!R54,'CA - Anexo R'!T54)+SUM('CA - Anexo R'!F30,'CA - Anexo R'!H30,'CA - Anexo R'!J30),"") | K42: L77 | L42: =IF(SUM('Cálculos Auxiliares'!F21)+SUM('Cálculos Auxiliares'!H21)+SUM('Cálculos Auxiliares'!J21)+SUM('Cálculos Auxiliares'!P38)+SUM('Cálculos Auxiliares'!R38)+SUM('Cálculos Auxiliares'!T38)+SUM('CA - Anexo R'!F21,'CA - Anexo R'!H21,'CA - Anexo R'!J21)+SUM('CA - Anexo R'!P38,'CA - Anexo R'!R38,'CA - Anexo R'!T38)>0,SUM('Cálculos Auxiliares'!F21)+SUM('Cálculos Auxiliares'!H21)+SUM('Cálculos Auxiliares'!J21)+SUM('Cálculos Auxiliares'!P38)+SUM('Cálculos Auxiliares'!R38)+SUM('Cálculos Auxiliares'!T38)+SUM('CA - Anexo R'!P38,'CA - Anexo R'!R38,'CA - Anexo R'!T38)+SUM('CA - Anexo R'!F21,'CA - Anexo R'!H21,'CA - Anexo R'!J21),"") | S42: 4 | T42: 2º Trimestre | U42: 0.04 | V42: 0.09 | W42: 0.16
C43: Imp. parcial/ deduditel - Art. 21 do CIVA (Gasoleo) | I43: L25 | J43: =IF(SUM('Cálculos Auxiliares'!J36,'Cálculos Auxiliares'!T69)>0,SUM('Cálculos Auxiliares'!J36,'Cálculos Auxiliares'!T69),"") | S43: 4 | T43: 3º Trimestre | U43: 0.04 | V43: 0.09 | W43: 0.16
C44: Cujo o Imposto é total/ excluido do direito à dedução | E44: Gasolina | I44: L26 | J44: =IF('Cálculos Auxiliares'!J45>0,'Cálculos Auxiliares'!J45,"") | S44: 4 | T44: 4º Trimestre | U44: 0.04 | V44: 0.09 | W44: 0.16
E45: Viat. Turismo - Aquisição | I45: L27 | K45: L33 | L45: =IF(SUM('Cálculos Auxiliares'!J46:J47)>0,SUM('Cálculos Auxiliares'!J46:J47),"")
E46: Viat. Turismo - Locação | G46: L70 | H46: =IF('Cálculos Auxiliares'!J79>0,'Cálculos Auxiliares'!J79,"") | I46: L74 | J46: =+IF('Cálculos Auxiliares'!J78>0,'Cálculos Auxiliares'!J78,"")
E47: Outros | I47: L28 | J47: =IF(SUM('Cálculos Auxiliares'!J41:J44,'Cálculos Auxiliares'!J48:J52)>0,SUM('Cálculos Auxiliares'!J41:J44,'Cálculos Auxiliares'!J48:J52),"") | K47: L34 | L47: =IF('Cálculos Auxiliares'!J57>0,'Cálculos Auxiliares'!J57,"")
B48: Aquisição de bens e serviços isentos | G48: L21 | H48: =IF('Cálculos Auxiliares'!J72>0,'Cálculos Auxiliares'!J72,"") | I48: L29 | J48: =IF(SUM('Cálculos Auxiliares'!J53:J56)>0,SUM('Cálculos Auxiliares'!J53:J56),"")
B49: Aquis. de bens e serviços c/ regime especial de isenção - Art. 53 CIVA | G49: L22 | H49: =IF('Cálculos Auxiliares'!J73>0,'Cálculos Auxiliares'!J73,"") | I49: L30 | J49: =IF('Cálculos Auxiliares'!J74>0,'Cálculos Auxiliares'!J74,"")
B50: Aquisições isentas nos termos do nº 31 do art. 9º do CIVA (Imóveis) | G50: L71 | H50: =IF('Cálculos Auxiliares'!J59>0,'Cálculos Auxiliares'!J59,"") | K50: L35 | L50: =IF('Cálculos Auxiliares'!J58>0,'Cálculos Auxiliares'!J58,"")
B51: Aquisições de bens e serviços em que houve inversão do sujeito passivo: Bens e Serviços do sector de desperdicios, residuos e sucatas recicláveis | G51: L72 | H51: =IF('Cálculos Auxiliares'!J75>0,'Cálculos Auxiliares'!J75,"") | I51: L75 | J51: =IF('Cálculos Auxiliares'!J76>0,'Cálculos Auxiliares'!J76,"") | K51: L78 | L51: =IF('Cálculos Auxiliares'!J77>0,'Cálculos Auxiliares'!J77,"")
B52: Aquisições de bens e serviços em que houve inversão do sujeito passivo: Serviços de Construção Civil | I52: L76 | J52: =IF(SUM('Cálculos Auxiliares'!Q101,'Cálculos Auxiliares'!S101,'Cálculos Auxiliares'!U101)+SUM('CA - Anexo R'!F54,'CA - Anexo R'!H54,'CA - Anexo R'!J54)>0,SUM('Cálculos Auxiliares'!Q101,'Cálculos Auxiliares'!S101,'Cálculos Auxiliares'!U101)+SUM('CA - Anexo R'!F54,'CA - Anexo R'!H54,'CA - Anexo R'!J54),"") | K52: L79 | L52: =IF(SUM('Cálculos Auxiliares'!F101,'Cálculos Auxiliares'!H101,'Cálculos Auxiliares'!J101)+SUM('CA - Anexo R'!F45,'CA - Anexo R'!H45,'CA - Anexo R'!J45),SUM('Cálculos Auxiliares'!F101,'Cálculos Auxiliares'!H101,'Cálculos Auxiliares'!J101)+SUM('CA - Anexo R'!F45,'CA - Anexo R'!H45,'CA - Anexo R'!J45),"")
B53: TOTAIS | G53: L23 | H53: =IF(SUM(H41:H42,H46,H48:H51)>0,SUM(H41:H42,H46,H48:H51),"") | I53: L31 | J53: =IF(SUM(J41:J49,J51:J52)>0,SUM(J41:J49,J51:J52),"") | K53: L36 | L53: =IF(SUM(L41:L42,L45,L47,L50:L52)>0,SUM(L41:L42,L45,L47,L50:L52),"")
B57: Quadro 05 - Operações com o Exterior
G58: IMOBILIZADO | I58: OUTRAS
B59: De e Para a União Europeia | D59: Transmissões Intracomunitárias de Bens | G59: L37 | H59: =IF(SUM('Cálculos Auxiliares'!J65:J66)>0,SUM('Cálculos Auxiliares'!J65:J66),"") | I59: L41 | J59: =IF(SUM('Cálculos Auxiliares'!J67:J68)>0,SUM('Cálculos Auxiliares'!J67:J68),"")
D60: Aquisições Intracomunitárias | G60: L38 | H60: =IF(SUM('Cálculos Auxiliares'!F110,'Cálculos Auxiliares'!H110,'Cálculos Auxiliares'!J110)>0,SUM('Cálculos Auxiliares'!F110,'Cálculos Auxiliares'!H110,'Cálculos Auxiliares'!J110),"") | I60: L42 | J60: =IF(SUM('Cálculos Auxiliares'!Q110,'Cálculos Auxiliares'!S110,'Cálculos Auxiliares'!U110)>0,SUM('Cálculos Auxiliares'!Q110,'Cálculos Auxiliares'!S110,'Cálculos Auxiliares'!U110),"")
B61: De e Para Paises Terceiros | D61: Importações | G61: L39 | H61: =IF(SUM('Cálculos Auxiliares'!F119,'Cálculos Auxiliares'!H119,'Cálculos Auxiliares'!J119)>0,SUM('Cálculos Auxiliares'!F119,'Cálculos Auxiliares'!H119,'Cálculos Auxiliares'!J119),"") | I61: L43 | J61: =IF(SUM('Cálculos Auxiliares'!Q119,'Cálculos Auxiliares'!S119,'Cálculos Auxiliares'!U119)>0,SUM('Cálculos Auxiliares'!Q119,'Cálculos Auxiliares'!S119,'Cálculos Auxiliares'!U119),"")
D62: Exportações | G62: L40 | H62: =IF(SUM('Cálculos Auxiliares'!F69:G70)>0,SUM('Cálculos Auxiliares'!F69:G70),"") | I62: L44 | J62: =IF('Cálculos Auxiliares'!J71>0,'Cálculos Auxiliares'!J71,"")
B65: Quadro 06 - Desenvolvimento do Imposto Dedutivel por Taxas ( SÓ IMPOSTO)
E66: EXISTÊNCIAS | G66: IMOBILIZADO | I66: OUTROS BENS SERV. | K66: TOTAIS
B67: Á Taxa Reduzida | E67: L45 | F67: =IF(SUM('Cálculos Auxiliares'!E12)+SUM('Cálculos Auxiliares'!O20)+SUM('CA - Anexo R'!E12)+SUM('CA - Anexo R'!O20)+SUM('Cálculos Auxiliares'!P110)+SUM('Cálculos Auxiliares'!P119)>0,SUM('Cálculos Auxiliares'!E12)+SUM('Cálculos Auxiliares'!O20)+SUM('CA - Anexo R'!E12)+SUM('CA - Anexo R'!O20)+SUM('Cálculos Auxiliares'!P110)+SUM('Cálculos Auxiliares'!P119),"") | G67: L48 | H67: =IF(SUM('Cálculos Auxiliares'!E21)+SUM('Cálculos Auxiliares'!O38)+SUM('CA - Anexo R'!E21)+SUM('CA - Anexo R'!O38)+SUM('Cálculos Auxiliares'!E101)+SUM('CA - Anexo R'!E45)+SUM('Cálculos Auxiliares'!E110)+SUM('Cálculos Auxiliares'!E119)>0,SUM('Cálculos Auxiliares'!E21)+SUM('Cálculos Auxiliares'!O38)+SUM('CA - Anexo R'!E21)+SUM('CA - Anexo R'!O38)+SUM('Cálculos Auxiliares'!E101)+SUM('CA - Anexo R'!E45)+SUM('Cálculos Auxiliares'!E110)+SUM('Cálculos Auxiliares'!E119),"") | I67: L51 | J67: =IF(SUM('Cálculos Auxiliares'!E30)+SUM('Cálculos Auxiliares'!O55)+SUM('CA - Anexo R'!E30)+SUM('CA - Anexo R'!O54)+SUM('Cálculos Auxiliares'!P101)+SUM('CA - Anexo R'!E54)+SUM('Cálculos Auxiliares'!P101)+SUM('CA - Anexo R'!E54)>0,SUM('Cálculos Auxiliares'!E30)+SUM('Cálculos Auxiliares'!O55)+SUM('CA - Anexo R'!E30)+SUM('CA - Anexo R'!O54)+SUM('Cálculos Auxiliares'!P101)+SUM('CA - Anexo R'!E54),"") | K67: L54 | L67: =IF(SUM(F67,H67,J67,)>0,SUM(F67,H67,J67),"")
B68: Á Taxa Intermédia | E68: L46 | F68: =IF(SUM('Cálculos Auxiliares'!G12)+SUM('Cálculos Auxiliares'!Q20)+SUM('CA - Anexo R'!G12)+SUM('CA - Anexo R'!Q20)+SUM('Cálculos Auxiliares'!R110)+SUM('Cálculos Auxiliares'!R119)>0,SUM('Cálculos Auxiliares'!G12)+SUM('Cálculos Auxiliares'!Q20)+SUM('CA - Anexo R'!G12)+SUM('CA - Anexo R'!Q20)+SUM('Cálculos Auxiliares'!R110)+SUM('Cálculos Auxiliares'!R119),"") | G68: L49 | H68: =IF(SUM('Cálculos Auxiliares'!G21)+SUM('Cálculos Auxiliares'!Q38)+SUM('CA - Anexo R'!G21)+SUM('CA - Anexo R'!Q38)+SUM('Cálculos Auxiliares'!G101)+SUM('CA - Anexo R'!G45)+SUM('Cálculos Auxiliares'!G110)+SUM('Cálculos Auxiliares'!G119)>0,SUM('Cálculos Auxiliares'!G21)+SUM('Cálculos Auxiliares'!Q38)+SUM('CA - Anexo R'!G21)+SUM('CA - Anexo R'!Q38)+SUM('Cálculos Auxiliares'!G101)+SUM('CA - Anexo R'!G45)+SUM('Cálculos Auxiliares'!G110)+SUM('Cálculos Auxiliares'!G119),"") | I68: L52 | J68: =IF(SUM('Cálculos Auxiliares'!G30)+SUM('Cálculos Auxiliares'!Q55)+SUM('CA - Anexo R'!G30)+SUM('CA - Anexo R'!Q54)+SUM('Cálculos Auxiliares'!R101)+SUM('CA - Anexo R'!G54)>0,SUM('Cálculos Auxiliares'!G30)+SUM('Cálculos Auxiliares'!Q55)+SUM('CA - Anexo R'!G30)+SUM('CA - Anexo R'!Q54)+SUM('Cálculos Auxiliares'!R101)+SUM('CA - Anexo R'!G54),"") | K68: L55 | L68: =IF(SUM(F68,H68,J68,)>0,SUM(F68,H68,J68),"")
B69: Á Taxa Normal | E69: L47 | F69: =IF(SUM('Cálculos Auxiliares'!I12)+SUM('Cálculos Auxiliares'!S20)+SUM('CA - Anexo R'!I12)+SUM('CA - Anexo R'!S20)+SUM('Cálculos Auxiliares'!T110)+SUM('Cálculos Auxiliares'!T119)>0,SUM('Cálculos Auxiliares'!I12)+SUM('Cálculos Auxiliares'!S20)+SUM('CA - Anexo R'!I12)+SUM('CA - Anexo R'!S20)+SUM('Cálculos Auxiliares'!T110)+SUM('Cálculos Auxiliares'!T119),"") | G69: L50 | H69: =IF(SUM('Cálculos Auxiliares'!I21)+SUM('Cálculos Auxiliares'!S38)+SUM('CA - Anexo R'!I21)+SUM('CA - Anexo R'!S38)+SUM('Cálculos Auxiliares'!I101)+SUM('CA - Anexo R'!I45)+SUM('Cálculos Auxiliares'!I110)+SUM('Cálculos Auxiliares'!I119)>0,SUM('Cálculos Auxiliares'!I21)+SUM('Cálculos Auxiliares'!S38)+SUM('CA - Anexo R'!I21)+SUM('CA - Anexo R'!S38)+SUM('Cálculos Auxiliares'!I101)+SUM('CA - Anexo R'!I45)+SUM('Cálculos Auxiliares'!I110)+SUM('Cálculos Auxiliares'!I119),"") | I69: L53 | J69: =IF(SUM('Cálculos Auxiliares'!I30)+SUM('Cálculos Auxiliares'!I36)+SUM('Cálculos Auxiliares'!S55)+SUM('Cálculos Auxiliares'!S69)+SUM('CA - Anexo R'!I30,'CA - Anexo R'!I36)+SUM('CA - Anexo R'!S54,'CA - Anexo R'!S68)+SUM('Cálculos Auxiliares'!T101)+SUM('CA - Anexo R'!I54)>0,SUM('Cálculos Auxiliares'!I30)+SUM('Cálculos Auxiliares'!I36)+SUM('Cálculos Auxiliares'!S55)+SUM('Cálculos Auxiliares'!S69)+SUM('CA - Anexo R'!S54,'CA - Anexo R'!S68)+SUM('CA - Anexo R'!I30,'CA - Anexo R'!I36)+SUM('Cálculos Auxiliares'!T101)+SUM('CA - Anexo R'!I54),"") | K69: L56 | L69: =IF(SUM(F69,H69,J69,)>0,SUM(F69,H69,J69),"")
B70: Totais das Declarações de IVA (Trimestral ou Mensal) | F70: =IF(SUM('Declarações IVA - Trimestral'!G23)+SUM('Declarações IVA - Trimestral'!G24)+SUM('Declarações IVA - Trimestral'!G25)+SUM('Declarações IVA - Mensal'!O22)+SUM('Declarações IVA - Mensal'!O23)+SUM('Declarações IVA - Mensal'!O24)+SUM('Declarações IVA - Trimestral'!N23,'Declarações IVA - Trimestral'!N24,'Declarações IVA - Trimestral'!N25)+SUM('Declarações IVA - Mensal'!O61,'Declarações IVA - Mensal'!O62,'Declarações IVA - Mensal'!O63)>0,SUM('Declarações IVA - Trimestral'!G23)+SUM('Declarações IVA - Trimestral'!G24)+SUM('Declarações IVA - Trimestral'!G25)+SUM('Declarações IVA - Mensal'!O22)+SUM('Declarações IVA - Mensal'!O23)+SUM('Declarações IVA - Mensal'!O24)+SUM('Declarações IVA - Trimestral'!N23,'Declarações IVA - Trimestral'!N24,'Declarações IVA - Trimestral'!N25)+SUM('Declarações IVA - Mensal'!O61,'Declarações IVA - Mensal'!O62,'Declarações IVA - Mensal'!O63),"") | H70: =IF(SUM('Declarações IVA - Trimestral'!G22)+SUM('Declarações IVA - Mensal'!O21)+SUM('Declarações IVA - Trimestral'!N22)+SUM('Declarações IVA - Mensal'!O60)>0,SUM('Declarações IVA - Trimestral'!G22)+SUM('Declarações IVA - Mensal'!O21)+SUM('Declarações IVA - Trimestral'!N22)+SUM('Declarações IVA - Mensal'!O60),"") | J70: =IF(SUM('Declarações IVA - Trimestral'!G26)+SUM('Declarações IVA - Mensal'!O25)+SUM('Declarações IVA - Trimestral'!N26)+SUM('Declarações IVA - Mensal'!O64)>0,SUM('Declarações IVA - Trimestral'!G26)+SUM('Declarações IVA - Mensal'!O25)+SUM('Declarações IVA - Trimestral'!N26)+SUM('Declarações IVA - Mensal'!O64),"") | L70: =IF(SUM(F70,H70,J70)>0,SUM(F70,H70,J70),"")
B71: Totais das Contas IVA da Contabilidade (Conta 2432) | F71: =IF(SUM(F67:F69)>0,SUM(F67:F69),"") | H71: =IF(SUM(H67:H69)>0,SUM(H67:H69),"") | J71: =IF(SUM(J67:J69)>0,SUM(J67:J69),"") | L71: =IF(SUM(L67:L69)>0,SUM(L67:L69),"")
B72: Diferença entre Declarações de IVA e Contabilidade | F72: =IF(SUM(F70:F71)>0,SUM(F70)-SUM(F71),"") | H72: =IF(SUM(H70:H71)>0,SUM(H70)-SUM(H71),"") | J72: =IF(SUM(J70:J71)>0,SUM(J70)-SUM(J71),"") | L72: =IF(SUM(L70:L71)>0,SUM(L70)-SUM(L71),"")
B77: Quadro 07 - Recebimentos Antecipados
B78: Houve operações desta natureza no ano a que esta declaração respeita? Se SIM, inscreva: | F78: SIM | G78: =IF(SUM(H79:I81)>0,"X","") | H78: NÃO | I78: =IF(SUM(H79:I81)=0,"X","") -> X
B79: Base Tributável que em 31 de Dezembro ainda não tenha sido convertida em Transmissões de Bens ou Prestações de Serviços | G79: L57 | H79: =IF(SUM('Cálculos Auxiliares'!P75:W76)>0,SUM('Cálculos Auxiliares'!P75:Q76)/1.05+SUM('Cálculos Auxiliares'!R75:S76)/1.12+SUM('Cálculos Auxiliares'!T75:U76)/1.2+SUM('Cálculos Auxiliares'!V75:W76)/1.21,"")
B80: Montante do Imposto Liquidado sobre a base referida no campo L57 | G80: L58 | H80: =+IF(SUM('Cálculos Auxiliares'!P75:W76)>0,SUM('Cálculos Auxiliares'!P75:W76)-SUM('Anexo L - IES'!H79:I79),"")
B81: Valor dos rendimentos antecipados com liquidação de imposto que ocorreram em anos anteriores e cuja a facturação definitiva ocorreu no ano a que respeita a declaração | G81: L59 | H81: =IF(SUM('Cálculos Auxiliares'!P79:W80)>0,SUM('Cálculos Auxiliares'!P79:W80),"")
